Workbook

Sheet Приложение 1
B1: Приложение 1 к решению Совета депутатов Кочкуровского сельского поселения Дубенского муниципального района Республики Мордовия «О бюджете Кочкуровского сельского поселения Дубенского муниципального района Республики Мордовия на 2022 год и на плановый период 2023 и 2024 годов»
A2: НОРМАТИВЫ РАСПРЕДЕЛЕНИЯ ДОХОДОВ МЕЖДУ БЮДЖЕТОМ ДУБЕНСКОГО МУНИЦИПАЛЬНОГО РАЙОНА РЕСПУБЛИКИ МОРДОВИЯ И БЮДЖЕТОМ КОЧКУРОВСКОГО СЕЛЬСКОГО ПОСЕЛЕНИЯ ДУБЕНСКОГО МУНИЦИПАЛЬНОГО РАЙОНА РЕСПУБЛИКИ МОРДОВИЯ НА 2022 ГОД И НА ПЛАНОВЫЙ ПЕРИОД 2023 И 2024 ГОДОВ (в процентах от сумм, зачисляемых в консолидированный бюджет муниципального района Республики Мордовия)
A4: Наименование дохода | B4: Местные бюджеты,%
B5: Бюджет муниципального района | C5: Бюджеты поселений
A6: 1 | B6: 2 | C6: 3
A7: Доходы от федеральных налогов и сборов
A8: В части погашения задолженности и перерасчетов по отмененным налогам, сборам и иным обязательным платежам
A9: Земельный налог (по обязательствам, возникшим до 1 января 2006 года), мобилизуемый на территориях поселений | B9: 0 | C9: 100 | F9: 100
A10: В части доходов от оказания платных услуг (работ) и компенсации затрат государства
A11: Прочие доходы от оказания платных услуг (работ) получателями средств бюджетов поселений | B11: 0 | C11: 100 | F11: 100
A12: Прочие доходы от компенсации затрат бюджетов поселений | B12: 0 | C12: 100 | F12: 100
A13: В части административных платежей и сборов
A14: Платежи, взимаемые органами местного самоуправления (организациями) поселений за выполнение определенных функций | B14: 0 | C14: 100 | F14: 100
A15: В части штрафов, санкций, возмещение ущерба
A16: Доходы от возмещения ущерба при возникновении страховых случаев, когда выгодоприобретателями выступают получатели средств бюджетов поселений | B16: 0 | C16: 100 | F16: 100
A17: Денежные взыскания (штрафы) и иные суммы, взыскиваемые с лиц, виновных в совершении преступлений, и в возмещение ущерба имуществу, зачисляемые в бюджеты поселений | B17: 0 | C17: 100 | F17: 100
A18: Денежные взыскания, налагаемые в возмещение ущерба, причиненного в результате незаконного или нецелевого использования бюджетных средств (в части бюджетов поселений) | B18: 0 | C18: 100 | F18: 100
A19: Прочие поступления от денежных взысканий (штрафов) и иных сумм в возмещение ущерба, зачисляемые в бюджеты поселений | B19: 0 | C19: 100 | F19: 100
A20: В части прочих неналоговых доходов
A21: Невыясненные поступления, зачисляемые в бюджеты поселений | B21: 0 | C21: 100 | F21: 100
A22: Прочие неналоговые доходы бюджетов поселений | B22: 0 | C22: 100 | F22: 100

Sheet Приложение 2
C1: Приложение 2 к решению Совета депутатов Кочкуровского сельского поселения Дубенского муниципального района Республики Мордовия «О бюджете Кочкуровского сельского поселения Дубенского муниципального района Республики Мордовия на 2022 год и на плановый период 2023 и 2024 годов»
A6: ОБЪЕМ БЕЗВОЗМЕЗДНЫХ ПОСТУПЛЕНИЙ В БЮДЖЕТ КОЧКУРОВСКОГО СЕЛЬСКОГО ПОСЕЛЕНИЯ ДУБЕНСКОГО МУНИЦИПАЛЬНОГО РАЙОНА РЕСПУБЛИКИ МОРДОВИЯ НА 2022 ГОД И НА ПЛАНОВЫЙ ПЕРИОД 2023 И 2024 ГОДОВ
E7: (тыс. рублей)
A8: Код | B8: Наименование | C8: Сумма
C9: 2022 год | D9: 2023 год | E9: 2024 год
A10: 1 | B10: 2 | C10: 3 | D10: 4 | E10: 5
A11: 2 00 00000 00 0000 000 | B11: Безвозмездные поступления | C11: =C12 -> 1105.8 | D11: =D12 -> 508 | E11: =E12 -> 540.9
A12: 2 02 00000 00 0000 000 | B12: Безвозмездные поступления от других бюджетов бюджетной системы Российской Федерации | C12: =C13+C18+C20+C25 -> 1105.8 | D12: =D13+D18+D20+D25 -> 508 | E12: =E13+E18+E20+E25 -> 540.9
A13: 2 02 10000 00 0000 150 | B13: Дотации бюджетам бюджетной системы Российской Федерации | C13: =C14+C16 -> 396.3 | D13: =D14+D16 -> 32.2 | E13: =E14+E16 -> 38.7
A14: 2 02 15001 00 0000 150 | B14: Дотации на выравнивание бюджетной обеспеченности | C14: 35.6 | D14: =D15 -> 32.2 | E14: =E15 -> 38.7
A15: 2 02 15001 10 0000 150 | B15: Дотации бюджетам сельских поселений на выравнивание бюджетной обеспеченности из бюджета субъекта Российской Федерации | C15: 35.6 | D15: 32.2 | E15: 38.7
A16: 2 02 15002 00 0000 150 | B16: Дотации бюджетам на поддержку мер по обеспечению сбалансированности бюджетов | C16: =C17 -> 360.7 | D16: =D17 -> 0 | E16: =E17 -> 0
A17: 2 02 15002 10 0000 150 | B17: Дотации бюджетам сельских поселений на поддержку мер по обеспечению сбалансированности бюджетов | C17: 360.7 | D17: 0 | E17: 0
A18: 2 02 20000 00 0000 150 | B18: Субсидии бюджетам бюджетной системы Российской Федерации (межбюджетные субсидии) | C18: =C19 -> 242.2 | D18: =D19 -> 0 | E18: =E19 -> 0
A19: 2 02 29999 10 0000 150 | B19: Прочие субсидии бюджетам сельских поселений | C19: 242.2 | D19: 0 | E19: 0
A20: 2 02 30000 00 0000 150 | B20: Субвенции бюджетам бюджетной системы Российской Федерации | C20: =C21+C23 -> 89.9 | D20: =D21+D23 -> 92.9 | E20: =E21+E23 -> 96.1
A21: 2 02 30024 00 0000 150 | B21: Субвенции местным бюджетам на выполнение передаваемых полномочий субъектов Российской Федерации | C21: 0.1 | D21: 0.1 | E21: 0.1
A22: 2 02 30024 10 0000 150 | B22: Субвенции бюджетам сельских поселений на выполнение передаваемых полномочий субъектов Российской Федерации | C22: 0.1 | D22: 0.1 | E22: 0.1
A23: 2 02 35118 00 0000 150 | B23: Субвенции бюджетам на осуществление первичного воинского учета органами местного самоуправления поселений, муниципальных и городских округов | C23: 89.8 | D23: 92.8 | E23: 96
A24: 2 02 35118 10 0000 150 | B24: Субвенции бюджетам сельских поселений на осуществление первичного воинского учета органами местного самоуправления поселений, муниципальных и городских округов | C24: 89.8 | D24: 92.8 | E24: 96
A25: 2 02 40000 00 0000 150 | B25: Иные межбюджетные трансферты | C25: =C26+C28 -> 377.4 | D25: =D26+D28 -> 382.9 | E25: =E26+E28 -> 406.1
A26: 2 02 40014 00 0000 150 | B26: Межбюджетные трансферты, передаваемые бюджетам муниципальных образований на осуществление части полномочий по решению вопросов местного значения в соответствии с заключенными соглашениями | C26: 377.4 | D26: 382.9 | E26: 406.1
A27: 2 02 40014 10 0000 150 | B27: Межбюджетные трансферты, передаваемые бюджетам сельских поселений из бюджетов муниципальных районов на осуществление части полномочий по решению вопросов местного значения в соответствии с заключенными соглашениями | C27: 377.4 | D27: 382.9 | E27: 406.1
A28: 2 02 49999 00 0000 150 | B28: Прочие межбюджетные трансферты, передаваемые бюджетам | C28: =C29 -> 0 | D28: =D29 -> 0 | E28: =E29 -> 0
A29: 2 02 49999 10 0000 150 | B29: Прочие межбюджетные трансферты, передаваемые бюджетам сельских поселений | C29: 0 | D29: 0 | E29: 0
C30: 425.2 | D30: 442.9 | E30: 460.2
C31: =C30+C11 -> 1531 | D31: =D30+D11 -> 950.9 | E31: =E30+E11 -> 1001.1

Sheet Приложение 3
I1: Приложение 3 к решению Совета депутатов Кочкуровского сельского поселения Дубенского муниципального района Республики Мордовия «О бюджете Кочкуровского сельского поселения Дубенского муниципального района Республики Мордовия на 2022 год и на плановый период 2023 и 2024 годов»
A2: ВЕДОМСТВЕННАЯ СТРУКТУРА РАСХОДОВ БЮДЖЕТА КОЧКУРОВСКОГО СЕЛЬСКОГО ПОСЕЛЕНИЯ ДУБЕНСКОГО МУНИЦИПАЛЬНОГО РАЙОНА РЕСПУБЛИКИ МОРДОВИЯ НА 2022 ГОД И НА ПЛАНОВЫЙ ПЕРИОД 2023 И 2024 ГОДОВ
I3: (тыс. рублей)
A4: Наименование | B4: Адм | C4: Рз | D4: Прз | E4: Цср | I4: Вр | J4: Сумма
J5: 2022 год | K5: 2023 год | L5: 2024 год
A6: 1 | B6: 2 | C6: 3 | D6: 4 | E6: 5 | F6: 6 | G6: 7 | H6: 8 | I6: 9 | J6: 10 | K6: 11 | L6: 12
A7: ВСЕГО | J7: =J8 -> 1508.7 | K7: =K8 -> 918.2 | L7: =L8 -> 958.7
A8: Администрация Кочкуровского поселения Дубенского муниципального района Республики Мордовия | B8: 915 | J8: =J9+J90+J102+J111+J145+J155+J164+J172 -> 1508.7 | K8: =K9+K90+K102+K111+K145+K155+K164+K172 -> 918.2 | L8: =L9+L90+L102+L111+L145+L155+L164+L172 -> 958.7
A9: Общегосударственные вопросы | B9: 915 | C9: 01 | J9: =J10+J82+J76 -> 900.4 | K9: =K10+K82+K76 -> 327.2 | L9: =L10+L82+L76 -> 327.2
A10: Функционирование Правительства Российской Федерации, высших исполнительных органов государственной власти субъектов Российской Федерации, местных администраций | B10: 915 | C10: 01 | D10: 04 | J10: =J11+J48+J55+J61 -> 899.4 | K10: =K11+K48+K55+K61 -> 326.2 | L10: =L11+L48+L55+L61 -> 326.2
A11: Непрограммные расходы главных распорядителей бюджетных средств Республики Мордовия | B11: 915 | C11: 01 | D11: 04 | E11: 65 | F11: 1 | J11: =J12 -> 893.8 | K11: =K12 -> 320.4 | L11: =L12 -> 320.1
A12: Непрограммные расходы в рамках обеспечения деятельности главных распорядителей бюджетных средств Республики Мордовия | B12: 915 | C12: 01 | D12: 04 | E12: 65 | F12: 1 | G12: 00 | J12: =J13+J18+J33+J28+J42 -> 893.8 | K12: =K13+K18+K33+K28 -> 320.4 | L12: =L13+L18+L33+L28 -> 320.1
A13: Расходы на выплаты по оплате труда работников органов местного самоуправления | B13: 915 | C13: 01 | D13: 04 | E13: 65 | F13: 1 | G13: 00 | H13: 41110 | J13: =J15 -> 261.8 | K13: =K15 -> 144.6 | L13: =L15 -> 144.3
A14: Расходы на выплаты персоналу в целях обеспечения выполнения функций государственными (муниципальными) органами, казенными учреждениями, органами управления государственными внебюджетными фондами | B14: 915 | C14: 01 | D14: 04 | E14: 65 | F14: 1 | G14: 00 | H14: 41110 | I14: 100 | J14: =J15 -> 261.8 | K14: =K15 -> 144.6 | L14: =L15 -> 144.3
A15: Расходы на выплаты персоналу государственных (муниципальных) органов | B15: 915 | C15: 01 | D15: 04 | E15: 65 | F15: 1 | G15: 00 | H15: 41110 | I15: 120 | J15: =J16+J17 -> 261.8 | K15: =K16+K17 -> 144.6 | L15: =L16+L17 -> 144.3
A16: Фонд оплаты труда государственных (муниципальных) органов | B16: 915 | C16: 01 | D16: 04 | E16: 65 | F16: 1 | G16: 00 | H16: 41110 | I16: 121 | J16: 170.6 | K16: 113.1 | L16: 113.1
A17: Взносы по обязательному социальному страхованию на выплаты денежного содержания и иные выплаты работникам государственных (муниципальных) органов | B17: 915 | C17: 01 | D17: 04 | E17: 65 | F17: 1 | G17: 00 | H17: 41110 | I17: 129 | J17: 91.2 | K17: 31.5 | L17: 31.2
A18: Расходы на обеспечение функций органов местного самоуправления | B18: 915 | C18: 01 | D18: 04 | E18: 01 | F18: 0 | G18: 01 | H18: 41120 | J18: =J19+J23 -> 151 | K18: =K19+K23 -> 4 | L18: =L19+L23 -> 4
A19: Закупка товаров, работ и услуг для обеспечения государственных (муниципальных) нужд | B19: 915 | C19: 01 | D19: 04 | E19: 01 | F19: 0 | G19: 01 | H19: 41120 | I19: 200 | J19: =J20 -> 146 | K19: =K20 -> 0 | L19: =L20 -> 0
A20: Иные закупки товаров, работ и услуг для обеспечения государственных (муниципальных) нужд | B20: 915 | C20: 01 | D20: 04 | E20: 01 | F20: 0 | G20: 01 | H20: 41120 | I20: 240 | J20: =J21+J22 -> 146 | K20: =K21+K22 -> 0 | L20: =L21+L22 -> 0
A21: Прочая закупка товаров, работ и услуг | B21: 915 | C21: 01 | D21: 04 | E21: 01 | F21: 0 | G21: 01 | H21: 41120 | I21: 244 | J21: 92.5 | K21: 0 | L21: 0
A22: Закупка энергетических ресурсов | B22: 915 | C22: 01 | D22: 04 | E22: 01 | F22: 0 | G22: 01 | H22: 41120 | I22: 247 | J22: 53.5
A23: Иные бюджетные ассигнования | B23: 915 | C23: 01 | D23: 04 | E23: 01 | F23: 0 | G23: 01 | H23: 41120 | I23: 800 | J23: =J24 -> 5 | K23: =K24 -> 4 | L23: =L24 -> 4
A24: Уплата налогов, сборов и иных платежей | B24: 915 | C24: 01 | D24: 04 | E24: 01 | F24: 0 | G24: 01 | H24: 41120 | I24: 850 | J24: =J25+J26+J27 -> 5 | K24: =K25+K26+K27 -> 4 | L24: =L25+L26+L27 -> 4
A25: Уплата налога на имущество организаций и земельного налога | B25: 915 | C25: 01 | D25: 04 | E25: 01 | F25: 0 | G25: 01 | H25: 41120 | I25: 851 | J25: 1 | K25: 1 | L25: 1
A26: Уплата прочих налогов, сборов | B26: 915 | C26: 01 | D26: 04 | E26: 01 | F26: 0 | G26: 01 | H26: 41120 | I26: 852 | J26: 1 | K26: 0 | L26: 0
A27: Уплата иных платежей | B27: 915 | C27: 01 | D27: 04 | E27: 01 | F27: 0 | G27: 01 | H27: 41120 | I27: 853 | J27: 3 | K27: 3 | L27: 3
A28: Расходы на выплаты по оплате труда Главы Администрации Кочкуровского сельского поселения Дубенского мунципального района Республики Мордовия | B28: 915 | C28: 01 | D28: 02 | E28: 65 | F28: 1 | G28: 00 | H28: 41100 | J28: =J29 -> 233.3 | K28: =K29 -> 171.8 | L28: =L29 -> 171.8
A29: Расходы на выплаты персоналу в целях обеспечения выполнения функций государственными (муниципальными) органами, казенными учреждениями, органами управления государственными внебюджетными фондами | B29: 915 | C29: 01 | D29: 02 | E29: 65 | F29: 1 | G29: 00 | H29: 41150 | I29: 100 | J29: =J30 -> 233.3 | K29: =K30 -> 171.8 | L29: =L30 -> 171.8
A30: Расходы на выплаты персоналу государственных (муниципальных) органов | B30: 915 | C30: 01 | D30: 02 | E30: 65 | F30: 1 | G30: 00 | H30: 41150 | I30: 120 | J30: =J31+J32 -> 233.3 | K30: =K31+K32 -> 171.8 | L30: =L31+L32 -> 171.8
A31: Фонд оплаты труда государственных (муниципальных) органов | B31: 915 | C31: 01 | D31: 02 | E31: 65 | F31: 1 | G31: 00 | H31: 41150 | I31: 121 | J31: 148.7 | K31: 141.2 | L31: 141.2
A32: Взносы по обязательному социальному страхованию на выплаты денежного содержания и иные выплаты работникам государственных (муниципальных) органов | B32: 915 | C32: 01 | D32: 02 | E32: 65 | F32: 1 | G32: 00 | H32: 41150 | I32: 129 | J32: 84.6 | K32: 30.6 | L32: 30.6
A33: Субсидии на софинансирование расходных обязательств поселений | B33: 915 | C33: 01 | D33: 02 | E33: 89 | F33: 1 | G33: 00 | H33: 44200 | J33: =J34 -> 121.1 | K33: =K34 -> 0 | L33: =L34 -> 0
A34: Субсидии на софинансирование расходных обязательств по финансовому обеспечению деятельности органов местного самоуправления и муниципальных учреждений | B34: 915 | C34: 01 | D34: 02 | E34: 89 | F34: 1 | G34: 00 | H34: 44205 | J34: =J35+J39 -> 121.1 | K34: =K35+K39 -> 0 | L34: =L35+L39 -> 0
A35: Расходы на выплаты персоналу в целях обеспечения выполнения функций государственными (муниципальными) органами, казенными учреждениями, органами управления государственными внебюджетными фондами | B35: 915 | C35: 01 | D35: 02 | E35: 89 | F35: 1 | G35: 00 | H35: 44205 | I35: 100 | J35: =J36 -> 121.1 | K35: =K36 -> 0 | L35: =L36 -> 0
A36: Расходы на выплаты персоналу государственных (муниципальных) органов | B36: 915 | C36: 01 | D36: 02 | E36: 89 | F36: 1 | G36: 00 | H36: 44205 | I36: 120 | J36: =J37+J38 -> 121.1 | K36: =K37+K38 -> 0 | L36: =L37+L38 -> 0
A37: Фонд оплаты труда государственных (муниципальных) органов | B37: 915 | C37: 01 | D37: 02 | E37: 89 | F37: 1 | G37: 00 | H37: 44205 | I37: 121 | J37: 121.1 | K37: 0 | L37: 0
A38: Взносы по обязательному социальному страхованию на выплаты денежного содержания и иные выплаты работникам государственных (муниципальных) органов | B38: 915 | C38: 01 | D38: 02 | E38: 89 | F38: 1 | G38: 00 | H38: 44205 | I38: 129 | J38: 0 | K38: 0 | L38: 0
A39: Закупка товаров, работ и услуг для обеспечения государственных (муниципальных) нужд | B39: 915 | C39: 01 | D39: 04 | E39: 01 | F39: 0 | G39: 01 | H39: 44205 | I39: 200 | J39: =J40 -> 0 | K39: =K40 -> 0 | L39: =L40 -> 0
A40: Иные закупки товаров, работ и услуг для обеспечения государственных (муниципальных) нужд | B40: 915 | C40: 01 | D40: 04 | E40: 01 | F40: 0 | G40: 01 | H40: 44205 | I40: 240 | J40: =J41 -> 0 | K40: =K41 -> 0 | L40: =L41 -> 0
A41: Прочая закупка товаров, работ и услуг | B41: 915 | C41: 01 | D41: 04 | E41: 01 | F41: 0 | G41: 01 | H41: 44205 | I41: 244
A42: Субсидии на софинансирование расходных обязательств поселений | B42: 915 | C42: 01 | D42: 04 | E42: 89 | F42: 1 | G42: 00 | H42: 44200 | J42: =J43 -> 126.6 | K42: =K43 -> 5.7 | L42: =L43 -> 6
A43: Субсидии на софинансирование расходных обязательств по финансовому обеспечению деятельности органов местного самоуправления и муниципальных учреждений | B43: 915 | C43: 01 | D43: 04 | E43: 89 | F43: 1 | G43: 00 | H43: 44205 | J43: =J44+J48 -> 126.6 | K43: =K44+K48 -> 5.7 | L43: =L44+L48 -> 6
A44: Расходы на выплаты персоналу в целях обеспечения выполнения функций государственными (муниципальными) органами, казенными учреждениями, органами управления государственными внебюджетными фондами | B44: 915 | C44: 01 | D44: 04 | E44: 89 | F44: 1 | G44: 00 | H44: 44205 | I44: 100 | J44: =J45 -> 121.1 | K44: =K45 -> 0 | L44: =L45 -> 0
A45: Расходы на выплаты персоналу государственных (муниципальных) органов | B45: 915 | C45: 01 | D45: 04 | E45: 89 | F45: 1 | G45: 00 | H45: 44205 | I45: 120 | J45: =J46+J47 -> 121.1 | K45: =K46+K47 -> 0 | L45: =L46+L47 -> 0
A46: Фонд оплаты труда государственных (муниципальных) органов | B46: 915 | C46: 01 | D46: 04 | E46: 89 | F46: 1 | G46: 00 | H46: 44205 | I46: 121 | J46: 121.1 | K46: 0 | L46: 0
A47: Взносы по обязательному социальному страхованию на выплаты денежного содержания и иные выплаты работникам государственных (муниципальных) органов | B47: 915 | C47: 01 | D47: 04 | E47: 89 | F47: 1 | G47: 00 | H47: 44205 | I47: 129 | J47: 0 | K47: 0 | L47: 0
A48: Непрограммные расходы главных распорядителей бюджетных средств Республики Мордовия | B48: 915 | C48: 01 | D48: 04 | E48: 17 | F48: 0 | J48: =J49 -> 5.5 | K48: =K49 -> 5.7 | L48: =L49 -> 6
A49: Подпрограмма «Эффективное использование бюджетного потенциала» | B49: 915 | C49: 01 | D49: 04 | E49: 17 | F49: 1 | J49: =J50 -> 5.5 | K49: =K50 -> 5.7 | L49: =L50 -> 6
A50: Непрограммные расходы в рамках обеспечения деятельности главных распорядителей бюджетных средств Республики Мордовия | B50: 915 | C50: 01 | D50: 04 | E50: 17 | F50: 1 | G50: 01 | J50: =J51 -> 5.5 | K50: =K51 -> 5.7 | L50: =L51 -> 6
A51: Иные межбюджетные трансфертв на финансовое обеспечение расходных обязательств муниципального района Республики Мордовия по переданным полномочиям поселений | B51: 915 | C51: 01 | D51: 04 | E51: 17 | F51: 1 | G51: 01 | H51: 44500 | J51: =J52 -> 5.5 | K51: =K52 -> 5.7 | L51: =L52 -> 6
A52: Иные межбюджетные трансферты на осуществление полномочий по составлению и рассмотрению проекта бюджета поселения, утверждению и исполнению бюджета поселения, осуществлению контроля за его исполнением, составлению и утверждению отчета об исполнении бюджета поселения | B52: 915 | C52: 01 | D52: 04 | E52: 17 | F52: 1 | G52: 01 | H52: 44501 | J52: =J53 -> 5.5 | K52: =K53 -> 5.7 | L52: =L53 -> 6
A53: Межбюджетные трансферты | B53: 915 | C53: 01 | D53: 04 | E53: 17 | F53: 1 | G53: 01 | H53: 44501 | I53: 500 | J53: =J54 -> 5.5 | K53: =K54 -> 5.7 | L53: =L54 -> 6
A54: Иные межбюджетные трансферты | B54: 915 | C54: 01 | D54: 04 | E54: 17 | F54: 1 | G54: 01 | H54: 44501 | I54: 540 | J54: 5.5 | K54: 5.7 | L54: 6
A55: Непрограммные расходы главных распорядителей бюджетных средств Республики Мордовия | B55: 915 | C55: 01 | D55: 04 | E55: 19 | F55: 0 | J55: =J56 -> 0.1 | K55: =K56 -> 0.1 | L55: =L56 -> 0.1
A56: Непрограммные расходы в рамках обеспечения деятельности главных распорядителей бюджетных средств Республики Мордовия | B56: 915 | C56: 01 | D56: 04 | E56: 19 | F56: 0 | G56: 14 | J56: =J57 -> 0.1 | K56: =K57 -> 0.1 | L56: =L57 -> 0.1
A57: Осуществление государственных полномочий Республики Мордовия по определению перечня должностных лиц, уполномоченных составлять протоколы об административных правонарушениях, предусмотренных Законом Республики Мордовия от 15июня 2015 года №38-З "Об административной ответственности на территории Республики Мордовия" | B57: 915 | C57: 01 | D57: 04 | E57: 19 | F57: 0 | G57: 14 | H57: 77150 | J57: =J58 -> 0.1 | K57: =K58 -> 0.1 | L57: =L58 -> 0.1
A58: Закупка товаров, работ и услуг для обеспечения государственных (муниципальных) нужд | B58: 915 | C58: 01 | D58: 04 | E58: 19 | F58: 0 | G58: 14 | H58: 77150 | I58: 200 | J58: =J59 -> 0.1 | K58: =K59 -> 0.1 | L58: =L59 -> 0.1
A59: Иные закупки товаров, работ и услуг для обеспечения государственных (муниципальных) нужд | B59: 915 | C59: 01 | D59: 04 | E59: 19 | F59: 0 | G59: 14 | H59: 77150 | I59: 240 | J59: =J60 -> 0.1 | K59: =K60 -> 0.1 | L59: =L60 -> 0.1
A60: Прочая закупка товаров, работ и услуг | B60: 915 | C60: 01 | D60: 04 | E60: 19 | F60: 0 | G60: 14 | H60: 77150 | I60: 244 | J60: 0.1 | K60: 0.1 | L60: 0.1
A61: Непрограммные расходы главных распорядителей бюджетных средств Республики Мордовия | B61: 915 | C61: 01 | D61: 04 | E61: 89 | F61: 0 | J61: =J62 -> 0 | K61: =K62 -> 0 | L61: =L62 -> 0
A62: Непрограммные расходы в рамках обеспечения деятельности главных распорядителей бюджетных средств Республики Мордовия | B62: 915 | C62: 01 | D62: 04 | E62: 89 | F62: 1 | J62: =J63 -> 0 | K62: =K63 -> 0 | L62: =L63 -> 0
A63: Финансовое обеспечение расходных обязательств поселений по переданным полномочиям муниципальных районов Республики Мордовия | B63: 915 | C63: 01 | D63: 04 | E63: 89 | F63: 1 | G63: 00 | H63: 44100 | J63: =J64+J68+J72 -> 0 | K63: =K64+K68+K72 -> 0 | L63: =L64+L68+L72 -> 0
A64: Осуществление полномочий по созданию условий для массового отдыха жителей поселения и организации обустройства мест массового отдыха населения, включая обеспечение свободного доступа граждан к водным объектам общего пользования и их береговым полосам | B64: 915 | C64: 01 | D64: 04 | E64: 89 | F64: 1 | G64: 00 | H64: 44105 | J64: =J65 -> 0 | K64: =K65 -> 0 | L64: =L65 -> 0
A65: Закупка товаров, работ и услуг для обеспечения государственных (муниципальных) нужд | B65: 915 | C65: 01 | D65: 04 | E65: 89 | F65: 1 | G65: 00 | H65: 44105 | I65: 200 | J65: =J66 -> 0 | K65: =K66 -> 0 | L65: =L66 -> 0
A66: Иные закупки товаров, работ и услуг для обеспечения государственных (муниципальных) нужд | B66: 915 | C66: 01 | D66: 04 | E66: 89 | F66: 1 | G66: 00 | H66: 44105 | I66: 240 | J66: =J67 -> 0 | K66: =K67 -> 0 | L66: =L67 -> 0
A67: Прочая закупка товаров, работ и услуг | B67: 915 | C67: 01 | D67: 04 | E67: 89 | F67: 1 | G67: 00 | H67: 44105 | I67: 244 | J67: 0 | K67: 0 | L67: 0
A68: Осуществление полномочий по осуществлению мероприятий по обеспечению безопасности людей на водных объектах, охране их жизни и здоровья | B68: 915 | C68: 01 | D68: 04 | E68: 89 | F68: 1 | G68: 00 | H68: 44108 | J68: =J69 -> 0 | K68: =K69 -> 0 | L68: =L69 -> 0
A69: Закупка товаров, работ и услуг для обеспечения государственных (муниципальных) нужд | B69: 915 | C69: 01 | D69: 04 | E69: 89 | F69: 1 | G69: 00 | H69: 44108 | I69: 200 | J69: =J70 -> 0 | K69: =K70 -> 0 | L69: =L70 -> 0
A70: Иные закупки товаров, работ и услуг для обеспечения государственных (муниципальных) нужд | B70: 915 | C70: 01 | D70: 04 | E70: 89 | F70: 1 | G70: 00 | H70: 44108 | I70: 240 | J70: =J71 -> 0 | K70: =K71 -> 0 | L70: =L71 -> 0
A71: Прочая закупка товаров, работ и услуг | B71: 915 | C71: 01 | D71: 04 | E71: 89 | F71: 1 | G71: 00 | H71: 44108 | I71: 244 | J71: 0 | K71: 0 | L71: 0
A72: Осуществление полномочий по осуществлению в пределах, установленных водным законодательством Российской Федерации, полномочий собственника водных объектов, информированию населения об ограничениях их использования | B72: 915 | C72: 01 | D72: 04 | E72: 89 | F72: 1 | G72: 00 | H72: 44109 | J72: =J73 -> 0 | K72: =K73 -> 0 | L72: =L73 -> 0
A73: Закупка товаров, работ и услуг для обеспечения государственных (муниципальных) нужд | B73: 915 | C73: 01 | D73: 04 | E73: 89 | F73: 1 | G73: 00 | H73: 44109 | I73: 200 | J73: =J74 -> 0 | K73: =K74 -> 0 | L73: =L74 -> 0
A74: Иные закупки товаров, работ и услуг для обеспечения государственных (муниципальных) нужд | B74: 915 | C74: 01 | D74: 04 | E74: 89 | F74: 1 | G74: 00 | H74: 44109 | I74: 240 | J74: =J75 -> 0 | K74: =K75 -> 0 | L74: =L75 -> 0
A75: Прочая закупка товаров, работ и услуг | B75: 915 | C75: 01 | D75: 04 | E75: 89 | F75: 1 | G75: 00 | H75: 44109 | I75: 244 | J75: 0 | K75: 0 | L75: 0
A76: Резервные фонды | B76: 915 | C76: 01 | D76: 11 | J76: =J77 -> 1 | K76: =K77 -> 1 | L76: =L77 -> 1
A77: Непрограммные расходы главных распорядителей бюджетных средств Республики Мордовия | B77: 915 | C77: 01 | D77: 11 | E77: 89 | F77: 0 | J77: =J78 -> 1 | K77: =K78 -> 1 | L77: =L78 -> 1
A78: Непрограммные расходы в рамках обеспечения деятельности главных распорядителей бюджетных средств Республики Мордовия | B78: 915 | C78: 01 | D78: 11 | E78: 89 | F78: 1 | J78: =J79 -> 1 | K78: =K79 -> 1 | L78: =L79 -> 1
A79: Резервный фонд администрации Кочкуровского сельского поселения Дубенского муниципального района Республики Мордовия | B79: 915 | C79: 01 | D79: 11 | E79: 89 | F79: 1 | G79: 00 | H79: 41180 | J79: =J80 -> 1 | K79: =K80 -> 1 | L79: =L80 -> 1
A80: Иные бюджетные ассигнования | B80: 915 | C80: 01 | D80: 11 | E80: 89 | F80: 1 | G80: 00 | H80: 41180 | I80: 800 | J80: 1 | K80: 1 | L80: 1
A81: Резервные средства | B81: 915 | C81: 01 | D81: 11 | E81: 89 | F81: 1 | G81: 00 | H81: 41180 | I81: 870 | J81: 0 | K81: 0 | L81: 0
A82: Другие общегосударственные вопросы | B82: 915 | C82: 01 | D82: 13 | J82: =J83 -> 0 | K82: =K83 -> 0 | L82: =L83 -> 0
A83: Непрограммные расходы главных распорядителей бюджетных средств Республики Мордовия | B83: 915 | C83: 01 | D83: 13 | E83: 89 | F83: 0 | J83: =J84 -> 0 | K83: =K84 -> 0 | L83: =L84 -> 0
A84: Непрограммные расходы в рамках обеспечения деятельности главных распорядителей бюджетных средств Республики Мордовия | B84: 915 | C84: 01 | D84: 13 | E84: 89 | F84: 1 | J84: =J85 -> 0 | K84: =K85 -> 0 | L84: =L85 -> 0
A85: Финансовое обеспечение расходных обязательств поселений по переданным полномочиям муниципальных районов Республики Мордовия | B85: 915 | C85: 01 | D85: 13 | E85: 89 | F85: 1 | G85: 00 | H85: 44100 | J85: =J86 -> 0 | K85: =K86 -> 0 | L85: =L86 -> 0
A86: Осуществление полномочий по утверждению генеральных планов поселений, правил землепользования и застройки, местных нормативов градостроительного проектирования поселений, осуществлению муниципального земельного контроля в границах поселения | B86: 915 | C86: 01 | D86: 13 | E86: 89 | F86: 1 | G86: 00 | H86: 44107 | J86: =J87 -> 0 | K86: =K87 -> 0 | L86: =L87 -> 0
A87: Закупка товаров, работ и услуг для обеспечения государственных (муниципальных) нужд | B87: 915 | C87: 01 | D87: 13 | E87: 89 | F87: 1 | G87: 00 | H87: 44107 | I87: 200 | J87: =J88 -> 0 | K87: =K88 -> 0 | L87: =L88 -> 0
A88: Иные закупки товаров, работ и услуг для обеспечения государственных (муниципальных) нужд | B88: 915 | C88: 01 | D88: 13 | E88: 89 | F88: 1 | G88: 00 | H88: 44107 | I88: 240 | J88: =J89 -> 0 | K88: =K89 -> 0 | L88: =L89 -> 0
A89: Прочая закупка товаров, работ и услуг | B89: 915 | C89: 01 | D89: 13 | E89: 89 | F89: 1 | G89: 00 | H89: 44107 | I89: 244 | J89: 0 | K89: 0 | L89: 0
A90: Национальная оборона | B90: 915 | C90: 02 | J90: =J91 -> 89.8 | K90: =K91 -> 92.8 | L90: =L91 -> 96
A91: Мобилизационная и вневойсковая подготовка | B91: 915 | C91: 02 | D91: 03 | J91: =J92 -> 89.8 | K91: =K92 -> 92.8 | L91: =L92 -> 96
A92: Непрограммные расходы главных распорядителей бюджетных средств Республики Мордовия | B92: 915 | C92: 02 | D92: 03 | E92: 89 | F92: 0 | J92: =J93 -> 89.8 | K92: =K93 -> 92.8 | L92: =L93 -> 96
A93: Непрограммные расходы в рамках обеспечения деятельности главных распорядителей бюджетных средств Республики Мордовия | B93: 915 | C93: 02 | D93: 03 | E93: 89 | F93: 1 | J93: =J94 -> 89.8 | K93: =K94 -> 92.8 | L93: =L94 -> 96
A94: Осуществление государственных полномочий Российской Федерации по первичному воинскому учету на территориях, где отсутствуют военные комиссариаты | B94: 915 | C94: 02 | D94: 03 | E94: 89 | F94: 1 | G94: 00 | H94: 51180 | J94: =J95+J99 -> 89.8 | K94: =K95+K99 -> 92.8 | L94: =L95+L99 -> 96
A95: Расходы на выплаты персоналу в целях обеспечения выполнения функций государственными (муниципальными) органами, казенными учреждениями, органами управления государственными внебюджетными фондами | B95: 915 | C95: 02 | D95: 03 | E95: 89 | F95: 1 | G95: 00 | H95: 51180 | I95: 100 | J95: =J96 -> 85.1 | K95: =K96 -> 88.7 | L95: =L96 -> 92.4
A96: Расходы на выплаты персоналу государственных (муниципальных) органов | B96: 915 | C96: 02 | D96: 03 | E96: 89 | F96: 1 | G96: 00 | H96: 51180 | I96: 120 | J96: =J97+J98 -> 85.1 | K96: =K97+K98 -> 88.7 | L96: =L97+L98 -> 92.4
A97: Фонд оплаты труда государственных (муниципальных) органов | B97: 915 | C97: 02 | D97: 03 | E97: 89 | F97: 1 | G97: 00 | H97: 51180 | I97: 121 | J97: 65.4 | K97: 68.1 | L97: 71
A98: Взносы по обязательному социальному страхованию на выплаты денежного содержания и иные выплаты работникам государственных (муниципальных) органов | B98: 915 | C98: 02 | D98: 03 | E98: 89 | F98: 1 | G98: 00 | H98: 51180 | I98: 129 | J98: 19.7 | K98: 20.6 | L98: 21.4
A99: Закупка товаров, работ и услуг для обеспечения государственных (муниципальных) нужд | B99: 915 | C99: 02 | D99: 03 | E99: 89 | F99: 1 | G99: 00 | H99: 51180 | I99: 200 | J99: =J100 -> 4.7 | K99: =K100 -> 4.1 | L99: =L100 -> 3.6
A100: Иные закупки товаров, работ и услуг для обеспечения государственных (муниципальных) нужд | B100: 915 | C100: 02 | D100: 03 | E100: 89 | F100: 1 | G100: 00 | H100: 51180 | I100: 240 | J100: =J101 -> 4.7 | K100: =K101 -> 4.1 | L100: =L101 -> 3.6
...

Sheet Приложение 4
H1: Приложение 4 к решению Совета депутатов Кочкуровского сельского поселения Дубенского муниципального района Республики Мордовия «О бюджете Кочкуровского сельского поселения Дубенского муниципального района Республики Мордовия на 2022 год и на плановый период 2023 и 2024 годов»
A2: РАСПРЕДЕЛЕНИЕ БЮДЖЕТНЫХ АССИГНОВАНИЙ БЮДЖЕТА КОЧКУРОВСКОГО СЕЛЬСКОГО ПОСЕЛЕНИЯ ДУБЕНСКОГО МУНИЦИПАЛЬНОГО РАЙОНА РЕСПУБЛИКИ МОРДОВИЯ ПО РАЗДЕЛАМ, ПОДРАЗДЕЛАМ, ЦЕЛЕВЫМ СТАТЬЯМ (МУНИЦИПАЛЬНЫМ ПРОГРАММАМ И НЕПРОГРАММНЫМ НАПРАВЛЕНИЯМ ДЕЯТЕЛЬНОСТИ), ГРУППАМ И ПОДГРУППАМ ВИДОВ РАСХОДОВ КЛАССИФИКАЦИИ РАСХОДОВ БЮДЖЕТОВ НА 2022 ГОД И НА ПЛАНОВЫЙ ПЕРИОД 2023 И 2024 ГОДОВ
H3: (тыс. рублей)
A4: Наименование | B4: Рз | C4: Прз | D4: Цср | H4: Вр | I4: Сумма
I5: 2022 год | J5: 2023 год | K5: 2024 год
A6: 1 | B6: 2 | C6: 3 | D6: 4 | E6: 5 | F6: 6 | G6: 7 | H6: 8 | I6: 9 | J6: 10 | K6: 11
A7: ВСЕГО | I7: =I8+I89+I101+I110+I144+I154+I163+I171 -> 1508.7 | J7: =J8+J89+J101+J110+J144+J154+J163+J171 -> 918.2 | K7: =K8+K89+K101+K110+K144+K154+K163+K171 -> 958.7
A8: Общегосударственные вопросы | B8: 01 | I8: ='Приложение 3'!J9 -> 900.4 | J8: ='Приложение 3'!K9 -> 327.2 | K8: ='Приложение 3'!L9 -> 327.2
A9: Функционирование Правительства Российской Федерации, высших исполнительных органов государственной власти субъектов Российской Федерации, местных администраций | B9: 01 | C9: 04 | I9: ='Приложение 3'!J10 -> 899.4 | J9: ='Приложение 3'!K10 -> 326.2 | K9: ='Приложение 3'!L10 -> 326.2
A10: Непрограммные расходы главных распорядителей бюджетных средств Республики Мордовия | B10: 01 | C10: 04 | D10: 65 | E10: 1 | I10: ='Приложение 3'!J11 -> 893.8 | J10: ='Приложение 3'!K11 -> 320.4 | K10: ='Приложение 3'!L11 -> 320.1
A11: Непрограммные расходы в рамках обеспечения деятельности главных распорядителей бюджетных средств Республики Мордовия | B11: 01 | C11: 04 | D11: 65 | E11: 1 | F11: 00 | I11: ='Приложение 3'!J12 -> 893.8 | J11: ='Приложение 3'!K12 -> 320.4 | K11: ='Приложение 3'!L12 -> 320.1
A12: Расходы на выплаты по оплате труда работников органов местного самоуправления | B12: 01 | C12: 04 | D12: 65 | E12: 1 | F12: 00 | G12: 41110 | I12: ='Приложение 3'!J13 -> 261.8 | J12: ='Приложение 3'!K13 -> 144.6 | K12: ='Приложение 3'!L13 -> 144.3
A13: Расходы на выплаты персоналу в целях обеспечения выполнения функций государственными (муниципальными) органами, казенными учреждениями, органами управления государственными внебюджетными фондами | B13: 01 | C13: 04 | D13: 65 | E13: 1 | F13: 00 | G13: 41110 | H13: 100 | I13: ='Приложение 3'!J14 -> 261.8 | J13: ='Приложение 3'!K14 -> 144.6 | K13: ='Приложение 3'!L14 -> 144.3
A14: Расходы на выплаты персоналу государственных (муниципальных) органов | B14: 01 | C14: 04 | D14: 65 | E14: 1 | F14: 00 | G14: 41110 | H14: 120 | I14: ='Приложение 3'!J15 -> 261.8 | J14: ='Приложение 3'!K15 -> 144.6 | K14: ='Приложение 3'!L15 -> 144.3
A15: Фонд оплаты труда государственных (муниципальных) органов | B15: 01 | C15: 04 | D15: 65 | E15: 1 | F15: 00 | G15: 41110 | H15: 121 | I15: ='Приложение 3'!J16 -> 170.6 | J15: ='Приложение 3'!K16 -> 113.1 | K15: ='Приложение 3'!L16 -> 113.1
A16: Взносы по обязательному социальному страхованию на выплаты денежного содержания и иные выплаты работникам государственных (муниципальных) органов | B16: 01 | C16: 04 | D16: 65 | E16: 1 | F16: 00 | G16: 41110 | H16: 129 | I16: ='Приложение 3'!J17 -> 91.2 | J16: ='Приложение 3'!K17 -> 31.5 | K16: ='Приложение 3'!L17 -> 31.2
A17: Расходы на обеспечение функций органов местного самоуправления | B17: 01 | C17: 04 | D17: 01 | E17: 0 | F17: 01 | G17: 41120 | I17: ='Приложение 3'!J18 -> 151 | J17: ='Приложение 3'!K18 -> 4 | K17: ='Приложение 3'!L18 -> 4
A18: Закупка товаров, работ и услуг для обеспечения государственных (муниципальных) нужд | B18: 01 | C18: 04 | D18: 01 | E18: 0 | F18: 01 | G18: 41120 | H18: 200 | I18: ='Приложение 3'!J19 -> 146 | J18: ='Приложение 3'!K19 -> 0 | K18: ='Приложение 3'!L19 -> 0
A19: Иные закупки товаров, работ и услуг для обеспечения государственных (муниципальных) нужд | B19: 01 | C19: 04 | D19: 01 | E19: 0 | F19: 01 | G19: 41120 | H19: 240 | I19: ='Приложение 3'!J20 -> 146 | J19: ='Приложение 3'!K20 -> 0 | K19: ='Приложение 3'!L20 -> 0
A20: Прочая закупка товаров, работ и услуг | B20: 01 | C20: 04 | D20: 01 | E20: 0 | F20: 01 | G20: 41120 | H20: 244 | I20: ='Приложение 3'!J21 -> 92.5 | J20: ='Приложение 3'!K21 -> 0 | K20: ='Приложение 3'!L21 -> 0
A21: Закупка энергетических ресурсов | B21: 01 | C21: 04 | D21: 01 | E21: 0 | F21: 01 | G21: 41120 | H21: 247 | I21: ='Приложение 3'!J22 -> 53.5 | J21: ='Приложение 3'!K22 -> 0 | K21: ='Приложение 3'!L22 -> 0
A22: Иные бюджетные ассигнования | B22: 01 | C22: 04 | D22: 01 | E22: 0 | F22: 01 | G22: 41120 | H22: 800 | I22: ='Приложение 3'!J23 -> 5 | J22: ='Приложение 3'!K23 -> 4 | K22: ='Приложение 3'!L23 -> 4
A23: Уплата налогов, сборов и иных платежей | B23: 01 | C23: 04 | D23: 01 | E23: 0 | F23: 01 | G23: 41120 | H23: 850 | I23: ='Приложение 3'!J24 -> 5 | J23: ='Приложение 3'!K24 -> 4 | K23: ='Приложение 3'!L24 -> 4
A24: Уплата налога на имущество организаций и земельного налога | B24: 01 | C24: 04 | D24: 01 | E24: 0 | F24: 01 | G24: 41120 | H24: 851 | I24: ='Приложение 3'!J25 -> 1 | J24: ='Приложение 3'!K25 -> 1 | K24: ='Приложение 3'!L25 -> 1
A25: Уплата прочих налогов, сборов | B25: 01 | C25: 04 | D25: 01 | E25: 0 | F25: 01 | G25: 41120 | H25: 852 | I25: ='Приложение 3'!J26 -> 1 | J25: ='Приложение 3'!K26 -> 0 | K25: ='Приложение 3'!L26 -> 0
A26: Уплата иных платежей | B26: 01 | C26: 04 | D26: 01 | E26: 0 | F26: 01 | G26: 41120 | H26: 853 | I26: ='Приложение 3'!J27 -> 3 | J26: ='Приложение 3'!K27 -> 3 | K26: ='Приложение 3'!L27 -> 3
A27: Расходы на выплаты по оплате труда Главы Администрации Кочкуровского сельского поселения Дубенского мунципального района Республики Мордовия | B27: 01 | C27: 02 | D27: 65 | E27: 1 | F27: 00 | G27: 41100 | I27: ='Приложение 3'!J28 -> 233.3 | J27: ='Приложение 3'!K28 -> 171.8 | K27: ='Приложение 3'!L28 -> 171.8
A28: Расходы на выплаты персоналу в целях обеспечения выполнения функций государственными (муниципальными) органами, казенными учреждениями, органами управления государственными внебюджетными фондами | B28: 01 | C28: 02 | D28: 65 | E28: 1 | F28: 00 | G28: 41150 | H28: 100 | I28: ='Приложение 3'!J29 -> 233.3 | J28: ='Приложение 3'!K29 -> 171.8 | K28: ='Приложение 3'!L29 -> 171.8
A29: Расходы на выплаты персоналу государственных (муниципальных) органов | B29: 01 | C29: 02 | D29: 65 | E29: 1 | F29: 00 | G29: 41150 | H29: 120 | I29: ='Приложение 3'!J30 -> 233.3 | J29: ='Приложение 3'!K30 -> 171.8 | K29: ='Приложение 3'!L30 -> 171.8
A30: Фонд оплаты труда государственных (муниципальных) органов | B30: 01 | C30: 02 | D30: 65 | E30: 1 | F30: 00 | G30: 41150 | H30: 121 | I30: ='Приложение 3'!J31 -> 148.7 | J30: ='Приложение 3'!K31 -> 141.2 | K30: ='Приложение 3'!L31 -> 141.2
A31: Взносы по обязательному социальному страхованию на выплаты денежного содержания и иные выплаты работникам государственных (муниципальных) органов | B31: 01 | C31: 02 | D31: 65 | E31: 1 | F31: 00 | G31: 41150 | H31: 129 | I31: ='Приложение 3'!J32 -> 84.6 | J31: ='Приложение 3'!K32 -> 30.6 | K31: ='Приложение 3'!L32 -> 30.6
A32: Субсидии на софинансирование расходных обязательств поселений | B32: 01 | C32: 02 | D32: 89 | E32: 1 | F32: 00 | G32: 44200 | I32: ='Приложение 3'!J33 -> 121.1 | J32: ='Приложение 3'!K33 -> 0 | K32: ='Приложение 3'!L33 -> 0
A33: Субсидии на софинансирование расходных обязательств по финансовому обеспечению деятельности органов местного самоуправления и муниципальных учреждений | B33: 01 | C33: 02 | D33: 89 | E33: 1 | F33: 00 | G33: 44205 | I33: ='Приложение 3'!J34 -> 121.1 | J33: ='Приложение 3'!K34 -> 0 | K33: ='Приложение 3'!L34 -> 0
A34: Расходы на выплаты персоналу в целях обеспечения выполнения функций государственными (муниципальными) органами, казенными учреждениями, органами управления государственными внебюджетными фондами | B34: 01 | C34: 02 | D34: 89 | E34: 1 | F34: 00 | G34: 44205 | H34: 100 | I34: ='Приложение 3'!J35 -> 121.1 | J34: ='Приложение 3'!K35 -> 0 | K34: ='Приложение 3'!L35 -> 0
A35: Расходы на выплаты персоналу государственных (муниципальных) органов | B35: 01 | C35: 02 | D35: 89 | E35: 1 | F35: 00 | G35: 44205 | H35: 120 | I35: ='Приложение 3'!J36 -> 121.1 | J35: ='Приложение 3'!K36 -> 0 | K35: ='Приложение 3'!L36 -> 0
A36: Фонд оплаты труда государственных (муниципальных) органов | B36: 01 | C36: 02 | D36: 89 | E36: 1 | F36: 00 | G36: 44205 | H36: 121 | I36: ='Приложение 3'!J37 -> 121.1 | J36: ='Приложение 3'!K37 -> 0 | K36: ='Приложение 3'!L37 -> 0
A37: Взносы по обязательному социальному страхованию на выплаты денежного содержания и иные выплаты работникам государственных (муниципальных) органов | B37: 01 | C37: 02 | D37: 89 | E37: 1 | F37: 00 | G37: 44205 | H37: 129 | I37: ='Приложение 3'!J38 -> 0 | J37: ='Приложение 3'!K38 -> 0 | K37: ='Приложение 3'!L38 -> 0
A38: Закупка товаров, работ и услуг для обеспечения государственных (муниципальных) нужд | B38: 01 | C38: 04 | D38: 01 | E38: 0 | F38: 01 | G38: 44205 | H38: 200 | I38: ='Приложение 3'!J39 -> 0 | J38: ='Приложение 3'!K39 -> 0 | K38: ='Приложение 3'!L39 -> 0
A39: Иные закупки товаров, работ и услуг для обеспечения государственных (муниципальных) нужд | B39: 01 | C39: 04 | D39: 01 | E39: 0 | F39: 01 | G39: 44205 | H39: 240 | I39: ='Приложение 3'!J40 -> 0 | J39: ='Приложение 3'!K40 -> 0 | K39: ='Приложение 3'!L40 -> 0
A40: Прочая закупка товаров, работ и услуг | B40: 01 | C40: 04 | D40: 01 | E40: 0 | F40: 01 | G40: 44205 | H40: 244 | I40: ='Приложение 3'!J41 -> 0 | J40: ='Приложение 3'!K41 -> 0 | K40: ='Приложение 3'!L41 -> 0
A41: Субсидии на софинансирование расходных обязательств поселений | B41: 01 | C41: 04 | D41: 89 | E41: 1 | F41: 00 | G41: 44200 | I41: ='Приложение 3'!J42 -> 126.6 | J41: ='Приложение 3'!K42 -> 5.7 | K41: ='Приложение 3'!L42 -> 6
A42: Субсидии на софинансирование расходных обязательств по финансовому обеспечению деятельности органов местного самоуправления и муниципальных учреждений | B42: 01 | C42: 04 | D42: 89 | E42: 1 | F42: 00 | G42: 44205 | I42: ='Приложение 3'!J43 -> 126.6 | J42: ='Приложение 3'!K43 -> 5.7 | K42: ='Приложение 3'!L43 -> 6
A43: Расходы на выплаты персоналу в целях обеспечения выполнения функций государственными (муниципальными) органами, казенными учреждениями, органами управления государственными внебюджетными фондами | B43: 01 | C43: 04 | D43: 89 | E43: 1 | F43: 00 | G43: 44205 | H43: 100 | I43: ='Приложение 3'!J44 -> 121.1 | J43: ='Приложение 3'!K44 -> 0 | K43: ='Приложение 3'!L44 -> 0
A44: Расходы на выплаты персоналу государственных (муниципальных) органов | B44: 01 | C44: 04 | D44: 89 | E44: 1 | F44: 00 | G44: 44205 | H44: 120 | I44: ='Приложение 3'!J45 -> 121.1 | J44: ='Приложение 3'!K45 -> 0 | K44: ='Приложение 3'!L45 -> 0
A45: Фонд оплаты труда государственных (муниципальных) органов | B45: 01 | C45: 04 | D45: 89 | E45: 1 | F45: 00 | G45: 44205 | H45: 121 | I45: ='Приложение 3'!J46 -> 121.1 | J45: ='Приложение 3'!K46 -> 0 | K45: ='Приложение 3'!L46 -> 0
A46: Взносы по обязательному социальному страхованию на выплаты денежного содержания и иные выплаты работникам государственных (муниципальных) органов | B46: 01 | C46: 04 | D46: 89 | E46: 1 | F46: 00 | G46: 44205 | H46: 129 | I46: ='Приложение 3'!J47 -> 0 | J46: ='Приложение 3'!K47 -> 0 | K46: ='Приложение 3'!L47 -> 0
A47: Непрограммные расходы главных распорядителей бюджетных средств Республики Мордовия | B47: 01 | C47: 04 | D47: 17 | E47: 0 | I47: ='Приложение 3'!J48 -> 5.5 | J47: ='Приложение 3'!K48 -> 5.7 | K47: ='Приложение 3'!L48 -> 6
A48: Непрограммные расходы в рамках обеспечения деятельности главных распорядителей бюджетных средств Республики Мордовия | B48: 01 | C48: 04 | D48: 17 | E48: 1 | I48: ='Приложение 3'!J49 -> 5.5 | J48: ='Приложение 3'!K49 -> 5.7 | K48: ='Приложение 3'!L49 -> 6
A49: Основное мероприятие "Совершенствование бюджетного процесса, формирование бюджета Кочкуровского сельского поселения на очередной финансовый год и на плановый период" | B49: 01 | C49: 04 | D49: 17 | E49: 1 | F49: 01 | I49: ='Приложение 3'!J50 -> 5.5 | J49: ='Приложение 3'!K50 -> 5.7 | K49: ='Приложение 3'!L50 -> 6
A50: Иные межбюджетные трансфертв на финансовое обеспечение расходных обязательств муниципального района Республики Мордовия по переданным полномочиям поселений | B50: 01 | C50: 04 | D50: 17 | E50: 1 | F50: 01 | G50: 44500 | I50: ='Приложение 3'!J51 -> 5.5 | J50: ='Приложение 3'!K51 -> 5.7 | K50: ='Приложение 3'!L51 -> 6
A51: Иные межбюджетные трансферты на осуществление полномочий по составлению и рассмотрению проекта бюджета поселения, утверждению и исполнению бюджета поселения, осуществлению контроля за его исполнением, составлению и утверждению отчета об исполнении бюджета поселения | B51: 01 | C51: 04 | D51: 17 | E51: 1 | F51: 01 | G51: 44501 | I51: ='Приложение 3'!J52 -> 5.5 | J51: ='Приложение 3'!K52 -> 5.7 | K51: ='Приложение 3'!L52 -> 6
A52: Межбюджетные трансферты | B52: 01 | C52: 04 | D52: 17 | E52: 1 | F52: 01 | G52: 44501 | H52: 500 | I52: ='Приложение 3'!J53 -> 5.5 | J52: ='Приложение 3'!K53 -> 5.7 | K52: ='Приложение 3'!L53 -> 6
A53: Иные межбюджетные трансферты | B53: 01 | C53: 04 | D53: 17 | E53: 1 | F53: 01 | G53: 44501 | H53: 540 | I53: ='Приложение 3'!J54 -> 5.5 | J53: ='Приложение 3'!K54 -> 5.7 | K53: ='Приложение 3'!L54 -> 6
A54: Непрограммные расходы главных распорядителей бюджетных средств Республики Мордовия | B54: 01 | C54: 04 | D54: 19 | E54: 0 | I54: ='Приложение 3'!J55 -> 0.1 | J54: ='Приложение 3'!K55 -> 0.1 | K54: ='Приложение 3'!L55 -> 0.1
A55: Непрограммные расходы в рамках обеспечения деятельности главных распорядителей бюджетных средств Республики Мордовия | B55: 01 | C55: 04 | D55: 19 | E55: 0 | F55: 14 | I55: ='Приложение 3'!J56 -> 0.1 | J55: ='Приложение 3'!K56 -> 0.1 | K55: ='Приложение 3'!L56 -> 0.1
A56: Осуществление государственных полномочий Республики Мордовия по определению перечня должностных лиц, уполномоченных составлять протоколы об административных правонарушениях, предусмотренных Законом Республики Мордовия от 15июня 2015 года №38-З "Об административной ответственности на территории Республики Мордовия" | B56: 01 | C56: 04 | D56: 19 | E56: 0 | F56: 14 | G56: 77150 | I56: ='Приложение 3'!J57 -> 0.1 | J56: ='Приложение 3'!K57 -> 0.1 | K56: ='Приложение 3'!L57 -> 0.1
A57: Закупка товаров, работ и услуг для обеспечения государственных (муниципальных) нужд | B57: 01 | C57: 04 | D57: 19 | E57: 0 | F57: 14 | G57: 77150 | H57: 200 | I57: ='Приложение 3'!J58 -> 0.1 | J57: ='Приложение 3'!K58 -> 0.1 | K57: ='Приложение 3'!L58 -> 0.1
A58: Иные закупки товаров, работ и услуг для обеспечения государственных (муниципальных) нужд | B58: 01 | C58: 04 | D58: 19 | E58: 0 | F58: 14 | G58: 77150 | H58: 240 | I58: ='Приложение 3'!J59 -> 0.1 | J58: ='Приложение 3'!K59 -> 0.1 | K58: ='Приложение 3'!L59 -> 0.1
A59: Прочая закупка товаров, работ и услуг | B59: 01 | C59: 04 | D59: 19 | E59: 0 | F59: 14 | G59: 77150 | H59: 244 | I59: ='Приложение 3'!J60 -> 0.1 | J59: ='Приложение 3'!K60 -> 0.1 | K59: ='Приложение 3'!L60 -> 0.1
A60: Непрограммные расходы главных распорядителей бюджетных средств Республики Мордовия | B60: 01 | C60: 04 | D60: 89 | E60: 0 | I60: ='Приложение 3'!J61 -> 0 | J60: ='Приложение 3'!K61 -> 0 | K60: ='Приложение 3'!L61 -> 0
A61: Непрограммные расходы в рамках обеспечения деятельности главных распорядителей бюджетных средств Республики Мордовия | B61: 01 | C61: 04 | D61: 89 | E61: 1 | I61: ='Приложение 3'!J62 -> 0 | J61: ='Приложение 3'!K62 -> 0 | K61: ='Приложение 3'!L62 -> 0
A62: Финансовое обеспечение расходных обязательств поселений по переданным полномочиям муниципальных районов Республики Мордовия | B62: 01 | C62: 04 | D62: 89 | E62: 1 | F62: 00 | G62: 44100 | I62: ='Приложение 3'!J63 -> 0 | J62: ='Приложение 3'!K63 -> 0 | K62: ='Приложение 3'!L63 -> 0
A63: Осуществление полномочий по созданию условий для массового отдыха жителей поселения и организации обустройства мест массового отдыха населения, включая обеспечение свободного доступа граждан к водным объектам общего пользования и их береговым полосам | B63: 01 | C63: 04 | D63: 89 | E63: 1 | F63: 00 | G63: 44105 | I63: ='Приложение 3'!J64 -> 0 | J63: ='Приложение 3'!K64 -> 0 | K63: ='Приложение 3'!L64 -> 0
A64: Закупка товаров, работ и услуг для обеспечения государственных (муниципальных) нужд | B64: 01 | C64: 04 | D64: 89 | E64: 1 | F64: 00 | G64: 44105 | H64: 200 | I64: ='Приложение 3'!J65 -> 0 | J64: ='Приложение 3'!K65 -> 0 | K64: ='Приложение 3'!L65 -> 0
A65: Иные закупки товаров, работ и услуг для обеспечения государственных (муниципальных) нужд | B65: 01 | C65: 04 | D65: 89 | E65: 1 | F65: 00 | G65: 44105 | H65: 240 | I65: ='Приложение 3'!J66 -> 0 | J65: ='Приложение 3'!K66 -> 0 | K65: ='Приложение 3'!L66 -> 0
A66: Прочая закупка товаров, работ и услуг | B66: 01 | C66: 04 | D66: 89 | E66: 1 | F66: 00 | G66: 44105 | H66: 244 | I66: ='Приложение 3'!J67 -> 0 | J66: ='Приложение 3'!K67 -> 0 | K66: ='Приложение 3'!L67 -> 0
A67: Осуществление полномочий по осуществлению мероприятий по обеспечению безопасности людей на водных объектах, охране их жизни и здоровья | B67: 01 | C67: 04 | D67: 89 | E67: 1 | F67: 00 | G67: 44108 | I67: ='Приложение 3'!J68 -> 0 | J67: ='Приложение 3'!K68 -> 0 | K67: ='Приложение 3'!L68 -> 0
A68: Закупка товаров, работ и услуг для обеспечения государственных (муниципальных) нужд | B68: 01 | C68: 04 | D68: 89 | E68: 1 | F68: 00 | G68: 44108 | H68: 200 | I68: ='Приложение 3'!J69 -> 0 | J68: ='Приложение 3'!K69 -> 0 | K68: ='Приложение 3'!L69 -> 0
A69: Иные закупки товаров, работ и услуг для обеспечения государственных (муниципальных) нужд | B69: 01 | C69: 04 | D69: 89 | E69: 1 | F69: 00 | G69: 44108 | H69: 240 | I69: ='Приложение 3'!J70 -> 0 | J69: ='Приложение 3'!K70 -> 0 | K69: ='Приложение 3'!L70 -> 0
A70: Прочая закупка товаров, работ и услуг | B70: 01 | C70: 04 | D70: 89 | E70: 1 | F70: 00 | G70: 44108 | H70: 244 | I70: ='Приложение 3'!J71 -> 0 | J70: ='Приложение 3'!K71 -> 0 | K70: ='Приложение 3'!L71 -> 0
A71: Осуществление полномочий по осуществлению в пределах, установленных водным законодательством Российской Федерации, полномочий собственника водных объектов, информированию населения об ограничениях их использования | B71: 01 | C71: 04 | D71: 89 | E71: 1 | F71: 00 | G71: 44109 | I71: ='Приложение 3'!J72 -> 0 | J71: ='Приложение 3'!K72 -> 0 | K71: ='Приложение 3'!L72 -> 0
A72: Закупка товаров, работ и услуг для обеспечения государственных (муниципальных) нужд | B72: 01 | C72: 04 | D72: 89 | E72: 1 | F72: 00 | G72: 44109 | H72: 200 | I72: ='Приложение 3'!J73 -> 0 | J72: ='Приложение 3'!K73 -> 0 | K72: ='Приложение 3'!L73 -> 0
A73: Иные закупки товаров, работ и услуг для обеспечения государственных (муниципальных) нужд | B73: 01 | C73: 04 | D73: 89 | E73: 1 | F73: 00 | G73: 44109 | H73: 240 | I73: ='Приложение 3'!J74 -> 0 | J73: ='Приложение 3'!K74 -> 0 | K73: ='Приложение 3'!L74 -> 0
A74: Прочая закупка товаров, работ и услуг | B74: 01 | C74: 04 | D74: 89 | E74: 1 | F74: 00 | G74: 44109 | H74: 244 | I74: ='Приложение 3'!J75 -> 0 | J74: ='Приложение 3'!K75 -> 0 | K74: ='Приложение 3'!L75 -> 0
A75: Резервные фонды | B75: 01 | C75: 11 | I75: ='Приложение 3'!J76 -> 1 | J75: ='Приложение 3'!K76 -> 1 | K75: ='Приложение 3'!L76 -> 1
A76: Непрограммные расходы главных распорядителей бюджетных средств Республики Мордовия | B76: 01 | C76: 11 | D76: 89 | E76: 0 | I76: ='Приложение 3'!J77 -> 1 | J76: ='Приложение 3'!K77 -> 1 | K76: ='Приложение 3'!L77 -> 1
A77: Непрограммные расходы в рамках обеспечения деятельности главных распорядителей бюджетных средств Республики Мордовия | B77: 01 | C77: 11 | D77: 89 | E77: 1 | I77: ='Приложение 3'!J78 -> 1 | J77: ='Приложение 3'!K78 -> 1 | K77: ='Приложение 3'!L78 -> 1
A78: Резервный фонд администрации Кочкуровского сельского поселения Дубенского муниципального района Республики Мордовия | B78: 01 | C78: 11 | D78: 89 | E78: 1 | F78: 00 | G78: 41180 | I78: ='Приложение 3'!J79 -> 1 | J78: ='Приложение 3'!K79 -> 1 | K78: ='Приложение 3'!L79 -> 1
A79: Иные бюджетные ассигнования | B79: 01 | C79: 11 | D79: 89 | E79: 1 | F79: 00 | G79: 41180 | H79: 800 | I79: ='Приложение 3'!J80 -> 1 | J79: ='Приложение 3'!K80 -> 1 | K79: ='Приложение 3'!L80 -> 1
A80: Резервные средства | B80: 01 | C80: 11 | D80: 89 | E80: 1 | F80: 00 | G80: 41180 | H80: 870 | I80: ='Приложение 3'!J81 -> 0 | J80: ='Приложение 3'!K81 -> 0 | K80: ='Приложение 3'!L81 -> 0
A81: Другие общегосударственные вопросы | B81: 01 | C81: 13 | I81: ='Приложение 3'!J82 -> 0 | J81: ='Приложение 3'!K82 -> 0 | K81: ='Приложение 3'!L82 -> 0
A82: Непрограммные расходы главных распорядителей бюджетных средств Республики Мордовия | B82: 01 | C82: 13 | D82: 89 | E82: 0 | I82: ='Приложение 3'!J83 -> 0 | J82: ='Приложение 3'!K83 -> 0 | K82: ='Приложение 3'!L83 -> 0
A83: Непрограммные расходы в рамках обеспечения деятельности главных распорядителей бюджетных средств Республики Мордовия | B83: 01 | C83: 13 | D83: 89 | E83: 1 | I83: ='Приложение 3'!J84 -> 0 | J83: ='Приложение 3'!K84 -> 0 | K83: ='Приложение 3'!L84 -> 0
A84: Финансовое обеспечение расходных обязательств поселений по переданным полномочиям муниципальных районов Республики Мордовия | B84: 01 | C84: 13 | D84: 89 | E84: 1 | F84: 00 | G84: 44100 | I84: ='Приложение 3'!J85 -> 0 | J84: ='Приложение 3'!K85 -> 0 | K84: ='Приложение 3'!L85 -> 0
A85: Осуществление полномочий по утверждению генеральных планов поселений, правил землепользования и застройки, местных нормативов градостроительного проектирования поселений, осуществлению муниципального земельного контроля в границах поселения | B85: 01 | C85: 13 | D85: 89 | E85: 1 | F85: 00 | G85: 44107 | I85: ='Приложение 3'!J86 -> 0 | J85: ='Приложение 3'!K86 -> 0 | K85: ='Приложение 3'!L86 -> 0
A86: Закупка товаров, работ и услуг для обеспечения государственных (муниципальных) нужд | B86: 01 | C86: 13 | D86: 89 | E86: 1 | F86: 00 | G86: 44107 | H86: 200 | I86: ='Приложение 3'!J87 -> 0 | J86: ='Приложение 3'!K87 -> 0 | K86: ='Приложение 3'!L87 -> 0
A87: Иные закупки товаров, работ и услуг для обеспечения государственных (муниципальных) нужд | B87: 01 | C87: 13 | D87: 89 | E87: 1 | F87: 00 | G87: 44107 | H87: 240 | I87: ='Приложение 3'!J88 -> 0 | J87: ='Приложение 3'!K88 -> 0 | K87: ='Приложение 3'!L88 -> 0
A88: Прочая закупка товаров, работ и услуг | B88: 01 | C88: 13 | D88: 89 | E88: 1 | F88: 00 | G88: 44107 | H88: 244 | I88: ='Приложение 3'!J89 -> 0 | J88: ='Приложение 3'!K89 -> 0 | K88: ='Приложение 3'!L89 -> 0
A89: Национальная оборона | B89: 02 | I89: ='Приложение 3'!J90 -> 89.8 | J89: ='Приложение 3'!K90 -> 92.8 | K89: ='Приложение 3'!L90 -> 96
A90: Мобилизационная и вневойсковая подготовка | B90: 02 | C90: 03 | I90: ='Приложение 3'!J91 -> 89.8 | J90: ='Приложение 3'!K91 -> 92.8 | K90: ='Приложение 3'!L91 -> 96
A91: Непрограммные расходы главных распорядителей бюджетных средств Республики Мордовия | B91: 02 | C91: 03 | D91: 89 | E91: 0 | I91: ='Приложение 3'!J92 -> 89.8 | J91: ='Приложение 3'!K92 -> 92.8 | K91: ='Приложение 3'!L92 -> 96
A92: Непрограммные расходы в рамках обеспечения деятельности главных распорядителей бюджетных средств Республики Мордовия | B92: 02 | C92: 03 | D92: 89 | E92: 1 | I92: ='Приложение 3'!J93 -> 89.8 | J92: ='Приложение 3'!K93 -> 92.8 | K92: ='Приложение 3'!L93 -> 96
A93: Осуществление государственных полномочий Российской Федерации по первичному воинскому учету на территориях, где отсутствуют военные комиссариаты | B93: 02 | C93: 03 | D93: 89 | E93: 1 | F93: 00 | G93: 51180 | I93: ='Приложение 3'!J94 -> 89.8 | J93: ='Приложение 3'!K94 -> 92.8 | K93: ='Приложение 3'!L94 -> 96
A94: Расходы на выплаты персоналу в целях обеспечения выполнения функций государственными (муниципальными) органами, казенными учреждениями, органами управления государственными внебюджетными фондами | B94: 02 | C94: 03 | D94: 89 | E94: 1 | F94: 00 | G94: 51180 | H94: 100 | I94: ='Приложение 3'!J95 -> 85.1 | J94: ='Приложение 3'!K95 -> 88.7 | K94: ='Приложение 3'!L95 -> 92.4
A95: Расходы на выплаты персоналу государственных (муниципальных) органов | B95: 02 | C95: 03 | D95: 89 | E95: 1 | F95: 00 | G95: 51180 | H95: 120 | I95: ='Приложение 3'!J96 -> 85.1 | J95: ='Приложение 3'!K96 -> 88.7 | K95: ='Приложение 3'!L96 -> 92.4
A96: Фонд оплаты труда государственных (муниципальных) органов | B96: 02 | C96: 03 | D96: 89 | E96: 1 | F96: 00 | G96: 51180 | H96: 121 | I96: ='Приложение 3'!J97 -> 65.4 | J96: ='Приложение 3'!K97 -> 68.1 | K96: ='Приложение 3'!L97 -> 71
A97: Взносы по обязательному социальному страхованию на выплаты денежного содержания и иные выплаты работникам государственных (муниципальных) органов | B97: 02 | C97: 03 | D97: 89 | E97: 1 | F97: 00 | G97: 51180 | H97: 129 | I97: ='Приложение 3'!J98 -> 19.7 | J97: ='Приложение 3'!K98 -> 20.6 | K97: ='Приложение 3'!L98 -> 21.4
A98: Закупка товаров, работ и услуг для обеспечения государственных (муниципальных) нужд | B98: 02 | C98: 03 | D98: 89 | E98: 1 | F98: 00 | G98: 51180 | H98: 200 | I98: ='Приложение 3'!J99 -> 4.7 | J98: ='Приложение 3'!K99 -> 4.1 | K98: ='Приложение 3'!L99 -> 3.6
A99: Иные закупки товаров, работ и услуг для обеспечения государственных (муниципальных) нужд | B99: 02 | C99: 03 | D99: 89 | E99: 1 | F99: 00 | G99: 51180 | H99: 240 | I99: ='Приложение 3'!J100 -> 4.7 | J99: ='Приложение 3'!K100 -> 4.1 | K99: ='Приложение 3'!L100 -> 3.6
A100: Прочая закупка товаров, работ и услуг | B100: 02 | C100: 03 | D100: 89 | E100: 1 | F100: 00 | G100: 51180 | H100: 244 | I100: ='Приложение 3'!J101 -> 4.7 | J100: ='Приложение 3'!K101 -> 4.1 | K100: ='Приложение 3'!L101 -> 3.6
...

Sheet Приложение 5
I1: Приложение 5 к решению Совета депутатов Кочкуровского сельского поселения Дубенского муниципального района Республики Мордовия «О бюджете Кочкуровского сельского поселения Дубенского муниципального района Республики Мордовия на 2022 год и на плановый период 2023 и 2024 годов»
A2: РАСПРЕДЕЛЕНИЕ БЮДЖЕТНЫХ АССИГНОВАНИЙ БЮДЖЕТА КОЧКУРОВСКОГО СЕЛЬСКОГО ПОСЕЛЕНИЯ ДУБЕНСКОГО МУНИЦИПАЛЬНОГО РАЙОНА РЕСПУБЛИКИ МОРДОВИЯ ПО ЦЕЛЕВЫМ СТАТЬЯМ (МУНИЦИПАЛЬНЫМ ПРОГРАММАМ И НЕПРОГРАММНЫМ НАПРАВЛЕНИЯМ ДЕЯТЕЛЬНОСТИ), ГРУППАМ И ПОДГРУППАМ ВИДОВ РАСХОДОВ, РАЗДЕЛАМ И ПОДРАЗДЕЛАМ КЛАССИФИКАЦИИ РАСХОДОВ БЮДЖЕТОВ НА 2022 ГОД И НА ПЛАНОВЫЙ ПЕРИОД 2023 И 2024 ГОДОВ
I3: (тыс. рублей)
A4: Наименование | B4: Цср | F4: ВР | G4: Рз | H4: Прз | I4: Адм | J4: Сумма
J5: 2022 год | K5: 2023 год | L5: 2024 год
A6: 1 | B6: 2 | C6: 3 | D6: 4 | E6: 5 | F6: 6 | G6: 7 | H6: 8 | I6: 9 | J6: 10 | K6: 11 | L6: 12
A7: ВСЕГО | J7: =J8+J89+J101+J110+J144+J154+J163+J171 -> 1508.7 | K7: =K8+K89+K101+K110+K144+K154+K163+K171 -> 918.2 | L7: =L8+L89+L101+L110+L144+L154+L163+L171 -> 958.7
A8: Общегосударственные вопросы | G8: 01 | J8: ='Приложение 3'!J9 -> 900.4 | K8: ='Приложение 3'!K9 -> 327.2 | L8: ='Приложение 3'!L9 -> 327.2
A9: Функционирование Правительства Российской Федерации, высших исполнительных органов государственной власти субъектов Российской Федерации, местных администраций | G9: 01 | H9: 04 | J9: ='Приложение 3'!J10 -> 899.4 | K9: ='Приложение 3'!K10 -> 326.2 | L9: ='Приложение 3'!L10 -> 326.2
A10: Непрограммные расходы главных распорядителей бюджетных средств Республики Мордовия | B10: 65 | C10: 1 | G10: 01 | H10: 04 | J10: ='Приложение 3'!J11 -> 893.8 | K10: ='Приложение 3'!K11 -> 320.4 | L10: ='Приложение 3'!L11 -> 320.1
A11: Непрограммные расходы в рамках обеспечения деятельности главных распорядителей бюджетных средств Республики Мордовия | B11: 65 | C11: 1 | D11: 00 | G11: 01 | H11: 04 | J11: ='Приложение 3'!J12 -> 893.8 | K11: ='Приложение 3'!K12 -> 320.4 | L11: ='Приложение 3'!L12 -> 320.1
A12: Расходы на выплаты по оплате труда работников органов местного самоуправления | B12: 65 | C12: 1 | D12: 00 | E12: 41110 | G12: 01 | H12: 04 | J12: ='Приложение 3'!K13 -> 144.6 | K12: ='Приложение 3'!K13 -> 144.6 | L12: ='Приложение 3'!L13 -> 144.3
A13: Расходы на выплаты персоналу в целях обеспечения выполнения функций государственными (муниципальными) органами, казенными учреждениями, органами управления государственными внебюджетными фондами | B13: 65 | C13: 1 | D13: 00 | E13: 41110 | F13: 100 | G13: 01 | H13: 04 | J13: 200 | K13: ='Приложение 3'!K14 -> 144.6 | L13: ='Приложение 3'!L14 -> 144.3
A14: Расходы на выплаты персоналу государственных (муниципальных) органов | B14: 65 | C14: 1 | D14: 00 | E14: 41110 | F14: 120 | G14: 01 | H14: 04 | J14: 200 | K14: ='Приложение 3'!K15 -> 144.6 | L14: ='Приложение 3'!L15 -> 144.3
A15: Фонд оплаты труда государственных (муниципальных) органов | B15: 65 | C15: 1 | D15: 00 | E15: 41110 | F15: 121 | G15: 01 | H15: 04 | I15: 915 | J15: 153.6 | K15: ='Приложение 3'!K16 -> 113.1 | L15: ='Приложение 3'!L16 -> 113.1
A16: Взносы по обязательному социальному страхованию на выплаты денежного содержания и иные выплаты работникам государственных (муниципальных) органов | B16: 65 | C16: 1 | D16: 00 | E16: 41110 | F16: 129 | G16: 01 | H16: 04 | J16: 46.4 | K16: ='Приложение 3'!K17 -> 31.5 | L16: ='Приложение 3'!L17 -> 31.2
A17: Расходы на обеспечение функций органов местного самоуправления | B17: 01 | C17: 0 | D17: 01 | E17: 41120 | G17: 01 | H17: 04 | J17: 170 | K17: ='Приложение 3'!K18 -> 4 | L17: ='Приложение 3'!L18 -> 4
A18: Закупка товаров, работ и услуг для обеспечения государственных (муниципальных) нужд | B18: 01 | C18: 0 | D18: 01 | E18: 41120 | F18: 200 | G18: 01 | H18: 04 | J18: 162.6 | K18: ='Приложение 3'!K19 -> 0 | L18: ='Приложение 3'!L19 -> 0
A19: Иные закупки товаров, работ и услуг для обеспечения государственных (муниципальных) нужд | B19: 01 | C19: 0 | D19: 01 | E19: 41120 | F19: 240 | G19: 01 | H19: 04 | J19: 162.6 | K19: ='Приложение 3'!K20 -> 0 | L19: ='Приложение 3'!L20 -> 0
A20: Прочая закупка товаров, работ и услуг | B20: 01 | C20: 0 | D20: 01 | E20: 41120 | F20: 244 | G20: 01 | H20: 04 | J20: 162.6 | K20: ='Приложение 3'!K21 -> 0 | L20: ='Приложение 3'!L21 -> 0
A21: Закупка энергетических ресурсов | B21: 01 | C21: 0 | D21: 01 | E21: 41120 | F21: 247 | G21: 01 | H21: 04 | I21: 915 | J21: ='Приложение 3'!K22 -> 0 | K21: ='Приложение 3'!K22 -> 0 | L21: ='Приложение 3'!L22 -> 0
A22: Иные бюджетные ассигнования | B22: 01 | C22: 0 | D22: 01 | E22: 41120 | F22: 800 | G22: 01 | H22: 04 | J22: 7.4 | K22: ='Приложение 3'!K23 -> 4 | L22: ='Приложение 3'!L23 -> 4
A23: Уплата налогов, сборов и иных платежей | B23: 01 | C23: 0 | D23: 01 | E23: 41120 | F23: 850 | G23: 01 | H23: 04 | J23: 7.4 | K23: ='Приложение 3'!K24 -> 4 | L23: ='Приложение 3'!L24 -> 4
A24: Уплата налога на имущество организаций и земельного налога | B24: 01 | C24: 0 | D24: 01 | E24: 41120 | F24: 851 | G24: 01 | H24: 04 | J24: ='Приложение 3'!K25 -> 1 | K24: ='Приложение 3'!K25 -> 1 | L24: ='Приложение 3'!L25 -> 1
A25: Уплата прочих налогов, сборов | B25: 01 | C25: 0 | D25: 01 | E25: 41120 | F25: 852 | G25: 01 | H25: 04 | J25: 1.1 | K25: ='Приложение 3'!K26 -> 0 | L25: ='Приложение 3'!L26 -> 0
A26: Уплата иных платежей | B26: 01 | C26: 0 | D26: 01 | E26: 41120 | F26: 853 | G26: 01 | H26: 04 | I26: 915 | J26: 5 | K26: ='Приложение 3'!K27 -> 3 | L26: ='Приложение 3'!L27 -> 3
A27: Расходы на выплаты по оплате труда Главы Администрации Кочкуровского сельского поселения Дубенского мунципального района Республики Мордовия | B27: 65 | C27: 1 | D27: 00 | E27: 41100 | G27: 01 | H27: 02 | J27: ='Приложение 3'!J28 -> 233.3 | K27: ='Приложение 3'!K28 -> 171.8 | L27: ='Приложение 3'!L28 -> 171.8
A28: Расходы на выплаты персоналу в целях обеспечения выполнения функций государственными (муниципальными) органами, казенными учреждениями, органами управления государственными внебюджетными фондами | B28: 65 | C28: 1 | D28: 00 | E28: 41150 | F28: 100 | G28: 01 | H28: 02 | J28: ='Приложение 3'!J29 -> 233.3 | K28: ='Приложение 3'!K29 -> 171.8 | L28: ='Приложение 3'!L29 -> 171.8
A29: Расходы на выплаты персоналу государственных (муниципальных) органов | B29: 65 | C29: 1 | D29: 00 | E29: 41150 | F29: 120 | G29: 01 | H29: 02 | J29: ='Приложение 3'!J30 -> 233.3 | K29: ='Приложение 3'!K30 -> 171.8 | L29: ='Приложение 3'!L30 -> 171.8
A30: Фонд оплаты труда государственных (муниципальных) органов | B30: 65 | C30: 1 | D30: 00 | E30: 41150 | F30: 121 | G30: 01 | H30: 02 | J30: ='Приложение 3'!J31 -> 148.7 | K30: ='Приложение 3'!K31 -> 141.2 | L30: ='Приложение 3'!L31 -> 141.2
A31: Взносы по обязательному социальному страхованию на выплаты денежного содержания и иные выплаты работникам государственных (муниципальных) органов | B31: 65 | C31: 1 | D31: 00 | E31: 41150 | F31: 129 | G31: 01 | H31: 02 | J31: ='Приложение 3'!J32 -> 84.6 | K31: ='Приложение 3'!K32 -> 30.6 | L31: ='Приложение 3'!L32 -> 30.6
A32: Субсидии на софинансирование расходных обязательств поселений | B32: 89 | C32: 1 | D32: 00 | E32: 44200 | G32: 01 | H32: 02 | I32: 915 | J32: ='Приложение 3'!J33 -> 121.1 | K32: ='Приложение 3'!K33 -> 0 | L32: ='Приложение 3'!L33 -> 0
A33: Субсидии на софинансирование расходных обязательств по финансовому обеспечению деятельности органов местного самоуправления и муниципальных учреждений | B33: 89 | C33: 1 | D33: 00 | E33: 44205 | G33: 01 | H33: 02 | J33: ='Приложение 3'!J34 -> 121.1 | K33: ='Приложение 3'!K34 -> 0 | L33: ='Приложение 3'!L34 -> 0
A34: Расходы на выплаты персоналу в целях обеспечения выполнения функций государственными (муниципальными) органами, казенными учреждениями, органами управления государственными внебюджетными фондами | B34: 89 | C34: 1 | D34: 00 | E34: 44205 | F34: 100 | G34: 01 | H34: 02 | J34: ='Приложение 3'!J35 -> 121.1 | K34: ='Приложение 3'!K35 -> 0 | L34: ='Приложение 3'!L35 -> 0
A35: Расходы на выплаты персоналу государственных (муниципальных) органов | B35: 89 | C35: 1 | D35: 00 | E35: 44205 | F35: 120 | G35: 01 | H35: 02 | J35: ='Приложение 3'!J36 -> 121.1 | K35: ='Приложение 3'!K36 -> 0 | L35: ='Приложение 3'!L36 -> 0
A36: Фонд оплаты труда государственных (муниципальных) органов | B36: 89 | C36: 1 | D36: 00 | E36: 44205 | F36: 121 | G36: 01 | H36: 02 | J36: ='Приложение 3'!J37 -> 121.1 | K36: ='Приложение 3'!K37 -> 0 | L36: ='Приложение 3'!L37 -> 0
A37: Взносы по обязательному социальному страхованию на выплаты денежного содержания и иные выплаты работникам государственных (муниципальных) органов | B37: 89 | C37: 1 | D37: 00 | E37: 44205 | F37: 129 | G37: 01 | H37: 02 | J37: ='Приложение 3'!J38 -> 0 | K37: ='Приложение 3'!K38 -> 0 | L37: ='Приложение 3'!L38 -> 0
A38: Закупка товаров, работ и услуг для обеспечения государственных (муниципальных) нужд | B38: 01 | C38: 0 | D38: 01 | E38: 44205 | F38: 200 | G38: 01 | H38: 04 | J38: ='Приложение 3'!J39 -> 0 | K38: ='Приложение 3'!K39 -> 0 | L38: ='Приложение 3'!L39 -> 0
A39: Иные закупки товаров, работ и услуг для обеспечения государственных (муниципальных) нужд | B39: 01 | C39: 0 | D39: 01 | E39: 44205 | F39: 240 | G39: 01 | H39: 04 | I39: 915 | J39: ='Приложение 3'!J40 -> 0 | K39: ='Приложение 3'!K40 -> 0 | L39: ='Приложение 3'!L40 -> 0
A40: Прочая закупка товаров, работ и услуг | B40: 01 | C40: 0 | D40: 01 | E40: 44205 | F40: 244 | G40: 01 | H40: 04 | J40: ='Приложение 3'!J41 -> 0 | K40: ='Приложение 3'!K41 -> 0 | L40: ='Приложение 3'!L41 -> 0
A41: Субсидии на софинансирование расходных обязательств поселений | B41: 89 | C41: 1 | D41: 00 | E41: 44200 | G41: 01 | H41: 04 | J41: ='Приложение 3'!J42 -> 126.6 | K41: ='Приложение 3'!K42 -> 5.7 | L41: ='Приложение 3'!L42 -> 6
A42: Субсидии на софинансирование расходных обязательств по финансовому обеспечению деятельности органов местного самоуправления и муниципальных учреждений | B42: 89 | C42: 1 | D42: 00 | E42: 44205 | G42: 01 | H42: 04 | J42: ='Приложение 3'!J43 -> 126.6 | K42: ='Приложение 3'!K43 -> 5.7 | L42: ='Приложение 3'!L43 -> 6
A43: Расходы на выплаты персоналу в целях обеспечения выполнения функций государственными (муниципальными) органами, казенными учреждениями, органами управления государственными внебюджетными фондами | B43: 89 | C43: 1 | D43: 00 | E43: 44205 | F43: 100 | G43: 01 | H43: 04 | J43: ='Приложение 3'!J44 -> 121.1 | K43: ='Приложение 3'!K44 -> 0 | L43: ='Приложение 3'!L44 -> 0
A44: Расходы на выплаты персоналу государственных (муниципальных) органов | B44: 89 | C44: 1 | D44: 00 | E44: 44205 | F44: 120 | G44: 01 | H44: 04 | I44: 915 | J44: ='Приложение 3'!J45 -> 121.1 | K44: ='Приложение 3'!K45 -> 0 | L44: ='Приложение 3'!L45 -> 0
A45: Фонд оплаты труда государственных (муниципальных) органов | B45: 89 | C45: 1 | D45: 00 | E45: 44205 | F45: 121 | G45: 01 | H45: 04 | J45: ='Приложение 3'!J46 -> 121.1 | K45: ='Приложение 3'!K46 -> 0 | L45: ='Приложение 3'!L46 -> 0
A46: Взносы по обязательному социальному страхованию на выплаты денежного содержания и иные выплаты работникам государственных (муниципальных) органов | B46: 89 | C46: 1 | D46: 00 | E46: 44205 | F46: 129 | G46: 01 | H46: 04 | J46: ='Приложение 3'!J47 -> 0 | K46: ='Приложение 3'!K47 -> 0 | L46: ='Приложение 3'!L47 -> 0
A47: Непрограммные расходы главных распорядителей бюджетных средств Республики Мордовия | B47: 17 | C47: 0 | G47: 01 | H47: 04 | J47: ='Приложение 3'!J48 -> 5.5 | K47: ='Приложение 3'!K48 -> 5.7 | L47: ='Приложение 3'!L48 -> 6
A48: Непрограммные расходы в рамках обеспечения деятельности главных распорядителей бюджетных средств Республики Мордовия | B48: 17 | C48: 1 | G48: 01 | H48: 04 | J48: ='Приложение 3'!J49 -> 5.5 | K48: ='Приложение 3'!K49 -> 5.7 | L48: ='Приложение 3'!L49 -> 6
A49: Основное мероприятие "Совершенствование бюджетного процесса, формирование бюджета Кочкуровского сельского поселения на очередной финансовый год и на плановый период" | B49: 17 | C49: 1 | D49: 01 | G49: 01 | H49: 04 | J49: ='Приложение 3'!J50 -> 5.5 | K49: ='Приложение 3'!K50 -> 5.7 | L49: ='Приложение 3'!L50 -> 6
A50: Иные межбюджетные трансфертв на финансовое обеспечение расходных обязательств муниципального района Республики Мордовия по переданным полномочиям поселений | B50: 17 | C50: 1 | D50: 01 | E50: 44500 | G50: 01 | H50: 04 | J50: ='Приложение 3'!J51 -> 5.5 | K50: ='Приложение 3'!K51 -> 5.7 | L50: ='Приложение 3'!L51 -> 6
A51: Иные межбюджетные трансферты на осуществление полномочий по составлению и рассмотрению проекта бюджета поселения, утверждению и исполнению бюджета поселения, осуществлению контроля за его исполнением, составлению и утверждению отчета об исполнении бюджета поселения | B51: 17 | C51: 1 | D51: 01 | E51: 44501 | G51: 01 | H51: 04 | I51: 915 | J51: ='Приложение 3'!J52 -> 5.5 | K51: ='Приложение 3'!K52 -> 5.7 | L51: ='Приложение 3'!L52 -> 6
A52: Межбюджетные трансферты | B52: 17 | C52: 1 | D52: 01 | E52: 44501 | F52: 500 | G52: 01 | H52: 04 | J52: ='Приложение 3'!J53 -> 5.5 | K52: ='Приложение 3'!K53 -> 5.7 | L52: ='Приложение 3'!L53 -> 6
A53: Иные межбюджетные трансферты | B53: 17 | C53: 1 | D53: 01 | E53: 44501 | F53: 540 | G53: 01 | H53: 04 | J53: ='Приложение 3'!J54 -> 5.5 | K53: ='Приложение 3'!K54 -> 5.7 | L53: ='Приложение 3'!L54 -> 6
A54: Непрограммные расходы главных распорядителей бюджетных средств Республики Мордовия | B54: 19 | C54: 0 | G54: 01 | H54: 04 | J54: ='Приложение 3'!J55 -> 0.1 | K54: ='Приложение 3'!K55 -> 0.1 | L54: ='Приложение 3'!L55 -> 0.1
A55: Непрограммные расходы в рамках обеспечения деятельности главных распорядителей бюджетных средств Республики Мордовия | B55: 19 | C55: 0 | D55: 14 | G55: 01 | H55: 04 | J55: ='Приложение 3'!J56 -> 0.1 | K55: ='Приложение 3'!K56 -> 0.1 | L55: ='Приложение 3'!L56 -> 0.1
A56: Осуществление государственных полномочий Республики Мордовия по определению перечня должностных лиц, уполномоченных составлять протоколы об административных правонарушениях, предусмотренных Законом Республики Мордовия от 15июня 2015 года №38-З "Об административной ответственности на территории Республики Мордовия" | B56: 19 | C56: 0 | D56: 14 | E56: 77150 | G56: 01 | H56: 04 | J56: ='Приложение 3'!J57 -> 0.1 | K56: ='Приложение 3'!K57 -> 0.1 | L56: ='Приложение 3'!L57 -> 0.1
A57: Закупка товаров, работ и услуг для обеспечения государственных (муниципальных) нужд | B57: 19 | C57: 0 | D57: 14 | E57: 77150 | F57: 200 | G57: 01 | H57: 04 | J57: ='Приложение 3'!J58 -> 0.1 | K57: ='Приложение 3'!K58 -> 0.1 | L57: ='Приложение 3'!L58 -> 0.1
A58: Иные закупки товаров, работ и услуг для обеспечения государственных (муниципальных) нужд | B58: 19 | C58: 0 | D58: 14 | E58: 77150 | F58: 240 | G58: 01 | H58: 04 | J58: ='Приложение 3'!J59 -> 0.1 | K58: ='Приложение 3'!K59 -> 0.1 | L58: ='Приложение 3'!L59 -> 0.1
A59: Прочая закупка товаров, работ и услуг | B59: 19 | C59: 0 | D59: 14 | E59: 77150 | F59: 244 | G59: 01 | H59: 04 | J59: ='Приложение 3'!J60 -> 0.1 | K59: ='Приложение 3'!K60 -> 0.1 | L59: ='Приложение 3'!L60 -> 0.1
A60: Непрограммные расходы главных распорядителей бюджетных средств Республики Мордовия | B60: 89 | C60: 0 | G60: 01 | H60: 04 | I60: 920 | J60: ='Приложение 3'!J61 -> 0 | K60: ='Приложение 3'!K61 -> 0 | L60: ='Приложение 3'!L61 -> 0
A61: Непрограммные расходы в рамках обеспечения деятельности главных распорядителей бюджетных средств Республики Мордовия | B61: 89 | C61: 1 | G61: 01 | H61: 04 | J61: ='Приложение 3'!J62 -> 0 | K61: ='Приложение 3'!K62 -> 0 | L61: ='Приложение 3'!L62 -> 0
A62: Финансовое обеспечение расходных обязательств поселений по переданным полномочиям муниципальных районов Республики Мордовия | B62: 89 | C62: 1 | D62: 00 | E62: 44100 | G62: 01 | H62: 04 | J62: ='Приложение 3'!J63 -> 0 | K62: ='Приложение 3'!K63 -> 0 | L62: ='Приложение 3'!L63 -> 0
A63: Осуществление полномочий по созданию условий для массового отдыха жителей поселения и организации обустройства мест массового отдыха населения, включая обеспечение свободного доступа граждан к водным объектам общего пользования и их береговым полосам | B63: 89 | C63: 1 | D63: 00 | E63: 44105 | G63: 01 | H63: 04 | J63: ='Приложение 3'!J64 -> 0 | K63: ='Приложение 3'!K64 -> 0 | L63: ='Приложение 3'!L64 -> 0
A64: Закупка товаров, работ и услуг для обеспечения государственных (муниципальных) нужд | B64: 89 | C64: 1 | D64: 00 | E64: 44105 | F64: 200 | G64: 01 | H64: 04 | J64: ='Приложение 3'!J65 -> 0 | K64: ='Приложение 3'!K65 -> 0 | L64: ='Приложение 3'!L65 -> 0
A65: Иные закупки товаров, работ и услуг для обеспечения государственных (муниципальных) нужд | B65: 89 | C65: 1 | D65: 00 | E65: 44105 | F65: 240 | G65: 01 | H65: 04 | J65: ='Приложение 3'!J66 -> 0 | K65: ='Приложение 3'!K66 -> 0 | L65: ='Приложение 3'!L66 -> 0
A66: Прочая закупка товаров, работ и услуг | B66: 89 | C66: 1 | D66: 00 | E66: 44105 | F66: 244 | G66: 01 | H66: 04 | J66: ='Приложение 3'!J67 -> 0 | K66: ='Приложение 3'!K67 -> 0 | L66: ='Приложение 3'!L67 -> 0
A67: Осуществление полномочий по осуществлению мероприятий по обеспечению безопасности людей на водных объектах, охране их жизни и здоровья | B67: 89 | C67: 1 | D67: 00 | E67: 44108 | G67: 01 | H67: 04 | J67: ='Приложение 3'!J68 -> 0 | K67: ='Приложение 3'!K68 -> 0 | L67: ='Приложение 3'!L68 -> 0
A68: Закупка товаров, работ и услуг для обеспечения государственных (муниципальных) нужд | B68: 89 | C68: 1 | D68: 00 | E68: 44108 | F68: 200 | G68: 01 | H68: 04 | J68: ='Приложение 3'!J69 -> 0 | K68: ='Приложение 3'!K69 -> 0 | L68: ='Приложение 3'!L69 -> 0
A69: Иные закупки товаров, работ и услуг для обеспечения государственных (муниципальных) нужд | B69: 89 | C69: 1 | D69: 00 | E69: 44108 | F69: 240 | G69: 01 | H69: 04 | I69: 915 | J69: ='Приложение 3'!J70 -> 0 | K69: ='Приложение 3'!K70 -> 0 | L69: ='Приложение 3'!L70 -> 0
A70: Прочая закупка товаров, работ и услуг | B70: 89 | C70: 1 | D70: 00 | E70: 44108 | F70: 244 | G70: 01 | H70: 04 | J70: ='Приложение 3'!J71 -> 0 | K70: ='Приложение 3'!K71 -> 0 | L70: ='Приложение 3'!L71 -> 0
A71: Осуществление полномочий по осуществлению в пределах, установленных водным законодательством Российской Федерации, полномочий собственника водных объектов, информированию населения об ограничениях их использования | B71: 89 | C71: 1 | D71: 00 | E71: 44109 | G71: 01 | H71: 04 | J71: ='Приложение 3'!J72 -> 0 | K71: ='Приложение 3'!K72 -> 0 | L71: ='Приложение 3'!L72 -> 0
A72: Закупка товаров, работ и услуг для обеспечения государственных (муниципальных) нужд | B72: 89 | C72: 1 | D72: 00 | E72: 44109 | F72: 200 | G72: 01 | H72: 04 | J72: ='Приложение 3'!J73 -> 0 | K72: ='Приложение 3'!K73 -> 0 | L72: ='Приложение 3'!L73 -> 0
A73: Иные закупки товаров, работ и услуг для обеспечения государственных (муниципальных) нужд | B73: 89 | C73: 1 | D73: 00 | E73: 44109 | F73: 240 | G73: 01 | H73: 04 | J73: ='Приложение 3'!J74 -> 0 | K73: ='Приложение 3'!K74 -> 0 | L73: ='Приложение 3'!L74 -> 0
A74: Прочая закупка товаров, работ и услуг | B74: 89 | C74: 1 | D74: 00 | E74: 44109 | F74: 244 | G74: 01 | H74: 04 | J74: ='Приложение 3'!J75 -> 0 | K74: ='Приложение 3'!K75 -> 0 | L74: ='Приложение 3'!L75 -> 0
A75: Резервные фонды | G75: 01 | H75: 11 | J75: ='Приложение 3'!J76 -> 1 | K75: ='Приложение 3'!K76 -> 1 | L75: ='Приложение 3'!L76 -> 1
A76: Непрограммные расходы главных распорядителей бюджетных средств Республики Мордовия | B76: 89 | C76: 0 | G76: 01 | H76: 11 | I76: 915 | J76: ='Приложение 3'!J77 -> 1 | K76: ='Приложение 3'!K77 -> 1 | L76: ='Приложение 3'!L77 -> 1
A77: Непрограммные расходы в рамках обеспечения деятельности главных распорядителей бюджетных средств Республики Мордовия | B77: 89 | C77: 1 | G77: 01 | H77: 11 | J77: ='Приложение 3'!J78 -> 1 | K77: ='Приложение 3'!K78 -> 1 | L77: ='Приложение 3'!L78 -> 1
A78: Резервный фонд администрации Кочкуровского сельского поселения Дубенского муниципального района Республики Мордовия | B78: 89 | C78: 1 | D78: 00 | E78: 41180 | G78: 01 | H78: 11 | J78: ='Приложение 3'!J79 -> 1 | K78: ='Приложение 3'!K79 -> 1 | L78: ='Приложение 3'!L79 -> 1
A79: Иные бюджетные ассигнования | B79: 89 | C79: 1 | D79: 00 | E79: 41180 | F79: 800 | G79: 01 | H79: 11 | J79: 2.3 | K79: ='Приложение 3'!K80 -> 1 | L79: ='Приложение 3'!L80 -> 1
A80: Резервные средства | B80: 89 | C80: 1 | D80: 00 | E80: 41180 | F80: 870 | G80: 01 | H80: 11 | J80: ='Приложение 3'!J81 -> 0 | K80: ='Приложение 3'!K81 -> 0 | L80: ='Приложение 3'!L81 -> 0
A81: Другие общегосударственные вопросы | G81: 01 | H81: 13 | J81: ='Приложение 3'!J82 -> 0 | K81: ='Приложение 3'!K82 -> 0 | L81: ='Приложение 3'!L82 -> 0
A82: Непрограммные расходы главных распорядителей бюджетных средств Республики Мордовия | B82: 89 | C82: 0 | G82: 01 | H82: 13 | J82: ='Приложение 3'!J83 -> 0 | K82: ='Приложение 3'!K83 -> 0 | L82: ='Приложение 3'!L83 -> 0
A83: Непрограммные расходы в рамках обеспечения деятельности главных распорядителей бюджетных средств Республики Мордовия | B83: 89 | C83: 1 | G83: 01 | H83: 13 | J83: ='Приложение 3'!J84 -> 0 | K83: ='Приложение 3'!K84 -> 0 | L83: ='Приложение 3'!L84 -> 0
A84: Финансовое обеспечение расходных обязательств поселений по переданным полномочиям муниципальных районов Республики Мордовия | B84: 89 | C84: 1 | D84: 00 | E84: 44100 | G84: 01 | H84: 13 | I84: 915 | J84: ='Приложение 3'!J85 -> 0 | K84: ='Приложение 3'!K85 -> 0 | L84: ='Приложение 3'!L85 -> 0
A85: Осуществление полномочий по утверждению генеральных планов поселений, правил землепользования и застройки, местных нормативов градостроительного проектирования поселений, осуществлению муниципального земельного контроля в границах поселения | B85: 89 | C85: 1 | D85: 00 | E85: 44107 | G85: 01 | H85: 13 | J85: ='Приложение 3'!J86 -> 0 | K85: ='Приложение 3'!K86 -> 0 | L85: ='Приложение 3'!L86 -> 0
A86: Закупка товаров, работ и услуг для обеспечения государственных (муниципальных) нужд | B86: 89 | C86: 1 | D86: 00 | E86: 44107 | F86: 200 | G86: 01 | H86: 13 | J86: ='Приложение 3'!J87 -> 0 | K86: ='Приложение 3'!K87 -> 0 | L86: ='Приложение 3'!L87 -> 0
A87: Иные закупки товаров, работ и услуг для обеспечения государственных (муниципальных) нужд | B87: 89 | C87: 1 | D87: 00 | E87: 44107 | F87: 240 | G87: 01 | H87: 13 | J87: ='Приложение 3'!J88 -> 0 | K87: ='Приложение 3'!K88 -> 0 | L87: ='Приложение 3'!L88 -> 0
A88: Прочая закупка товаров, работ и услуг | B88: 89 | C88: 1 | D88: 00 | E88: 44107 | F88: 244 | G88: 01 | H88: 13 | J88: ='Приложение 3'!J89 -> 0 | K88: ='Приложение 3'!K89 -> 0 | L88: ='Приложение 3'!L89 -> 0
A89: Национальная оборона | G89: 02 | J89: ='Приложение 3'!J90 -> 89.8 | K89: ='Приложение 3'!K90 -> 92.8 | L89: ='Приложение 3'!L90 -> 96
A90: Мобилизационная и вневойсковая подготовка | G90: 02 | H90: 03 | J90: ='Приложение 3'!J91 -> 89.8 | K90: ='Приложение 3'!K91 -> 92.8 | L90: ='Приложение 3'!L91 -> 96
A91: Непрограммные расходы главных распорядителей бюджетных средств Республики Мордовия | B91: 89 | C91: 0 | G91: 02 | H91: 03 | J91: ='Приложение 3'!J92 -> 89.8 | K91: ='Приложение 3'!K92 -> 92.8 | L91: ='Приложение 3'!L92 -> 96
A92: Непрограммные расходы в рамках обеспечения деятельности главных распорядителей бюджетных средств Республики Мордовия | B92: 89 | C92: 1 | G92: 02 | H92: 03 | I92: 915 | J92: ='Приложение 3'!J93 -> 89.8 | K92: ='Приложение 3'!K93 -> 92.8 | L92: ='Приложение 3'!L93 -> 96
A93: Осуществление государственных полномочий Российской Федерации по первичному воинскому учету на территориях, где отсутствуют военные комиссариаты | B93: 89 | C93: 1 | D93: 00 | E93: 51180 | G93: 02 | H93: 03 | J93: ='Приложение 3'!J94 -> 89.8 | K93: ='Приложение 3'!K94 -> 92.8 | L93: ='Приложение 3'!L94 -> 96
A94: Расходы на выплаты персоналу в целях обеспечения выполнения функций государственными (муниципальными) органами, казенными учреждениями, органами управления государственными внебюджетными фондами | B94: 89 | C94: 1 | D94: 00 | E94: 51180 | F94: 100 | G94: 02 | H94: 03 | J94: ='Приложение 3'!J95 -> 85.1 | K94: ='Приложение 3'!K95 -> 88.7 | L94: ='Приложение 3'!L95 -> 92.4
A95: Расходы на выплаты персоналу государственных (муниципальных) органов | B95: 89 | C95: 1 | D95: 00 | E95: 51180 | F95: 120 | G95: 02 | H95: 03 | J95: ='Приложение 3'!J96 -> 85.1 | K95: ='Приложение 3'!K96 -> 88.7 | L95: ='Приложение 3'!L96 -> 92.4
A96: Фонд оплаты труда государственных (муниципальных) органов | B96: 89 | C96: 1 | D96: 00 | E96: 51180 | F96: 121 | G96: 02 | H96: 03 | J96: ='Приложение 3'!J97 -> 65.4 | K96: ='Приложение 3'!K97 -> 68.1 | L96: ='Приложение 3'!L97 -> 71
A97: Взносы по обязательному социальному страхованию на выплаты денежного содержания и иные выплаты работникам государственных (муниципальных) органов | B97: 89 | C97: 1 | D97: 00 | E97: 51180 | F97: 129 | G97: 02 | H97: 03 | J97: ='Приложение 3'!J98 -> 19.7 | K97: ='Приложение 3'!K98 -> 20.6 | L97: ='Приложение 3'!L98 -> 21.4
A98: Закупка товаров, работ и услуг для обеспечения государственных (муниципальных) нужд | B98: 89 | C98: 1 | D98: 00 | E98: 51180 | F98: 200 | G98: 02 | H98: 03 | J98: ='Приложение 3'!J99 -> 4.7 | K98: ='Приложение 3'!K99 -> 4.1 | L98: ='Приложение 3'!L99 -> 3.6
A99: Иные закупки товаров, работ и услуг для обеспечения государственных (муниципальных) нужд | B99: 89 | C99: 1 | D99: 00 | E99: 51180 | F99: 240 | G99: 02 | H99: 03 | I99: 915 | J99: ='Приложение 3'!J100 -> 4.7 | K99: ='Приложение 3'!K100 -> 4.1 | L99: ='Приложение 3'!L100 -> 3.6
A100: Прочая закупка товаров, работ и услуг | B100: 89 | C100: 1 | D100: 00 | E100: 51180 | F100: 244 | G100: 02 | H100: 03 | J100: ='Приложение 3'!J101 -> 4.7 | K100: ='Приложение 3'!K101 -> 4.1 | L100: ='Приложение 3'!L101 -> 3.6
...

Sheet Приложение 6
E1: Приложение 6 к решению Совета депутатов Кочкуровского сельского поселения Дубенского муниципального района Республики Мордовия «О бюджете Кочкуровского сельского поселения Дубенского муниципального района Республики Мордовия на 2022 год и на плановый период 2023 и 2024 годов»
A2: РАСПРЕДЕЛЕНИЕ БЮДЖЕТНЫХ АССИГНОВАНИЙ БЮДЖЕТА КОЧКУРОВСКОГО СЕЛЬСКОГО ПОСЕЛЕНИЯ ДУБЕНСКОГО МУНИЦИПАЛЬНОГО РАЙОНА РЕСПУБЛИКИ МОРДОВИЯ НА ОСУЩЕСТВЛЕНИЕ БЮДЖЕТНЫХ ИНВЕСТИЦИЙ В ФОРМЕ КАПИТАЛЬНЫХ ВЛОЖЕНИЙ В ОБЪЕКТЫ МУНИЦИПАЛЬНОЙ СОБСТВЕННОСТИ НА 2022 ГОД И НА ПЛАНОВЫЙ ПЕРИОД 2023 И 2024 ГОДОВ
B3: (тыс. рублей)
A4: Наименование | B4: Цср | F4: Рз | G4: Прз | H4: Адм | I4: Сумма
I5: 2022 год | J5: 2023 год | K5: 2024 год
A6: 1 | B6: 2 | C6: 3 | D6: 4 | E6: 5 | F6: 6 | G6: 7 | H6: 8 | I6: 9 | J6: 10 | K6: 11
A7: ВСЕГО

Sheet Приложение 7
B1: Приложение 7 к решению Совета депутатов Кочкуровского сельского поселения Дубенского муниципального района Республики Мордовия «О бюджете Кочкуровского сельского поселения Дубенского муниципального района Республики Мордовия на 2022 год и на плановый период 2023 и 2024 годов»
D6: Таблица 1
A8: РАСПРЕДЕЛЕНИЕ ИНЫХ МЕЖБЮДЖЕТНЫХ ТРАНСФЕРТОВ НА ОСУЩЕСТВЛЕНИЕ ПОЛНОМОЧИЙ ПО СОСТАВЛЕНИЮ И РАССМОТРЕНИЮ ПРОЕКТА БЮДЖЕТА ПОСЕЛЕНИЯ, УТВЕРЖДЕНИЮ И ИСПОЛНЕНИЮ БЮДЖЕТА ПОСЕЛЕНИЯ, ОСУЩЕСТВЛЕНИЮ КОНТРОЛЯ ЗА ЕГО ИСПОЛНЕНИЕМ, СОСТАВЛЕНИЮ И УТВЕРЖДЕНИЮ ОТЧЕТА ОБ ИСПОЛНЕНИИ БЮДЖЕТА КОЧКУРОВСКОГО СЕЛЬСКОГО ПОСЕЛЕНИЯ НА 2022 ГОД И НА ПЛАНОВЫЙ ПЕРИОД 2023 И 2024 ГОДОВ
D9: (тыс. рублей)
A10: Район | B10: Сумма
B11: 2022 год | C11: 2023 год | D11: 2024 год
A12: 1 | B12: 2 | C12: 3 | D12: 4
A13: Дубенский муниципальный район | B13: 5.5 | C13: 5.7 | D13: 6
A14: ВСЕГО | B14: =B13 -> 5.5 | C14: =C13 -> 5.7 | D14: =D13 -> 6

Sheet Приложение 8
C1: Приложение 8 к решению Совета депутатов Кочкуровского сельского поселения Дубенского муниципального района Республики Мордовия «О бюджете Кочкуровского сельского поселения Дубенского муниципального района Республики Мордовия на 2022 год и на плановый период 2023 и 2024 годов»
A7: ИСТОЧНИКИ ВНУТРЕННЕГО ФИНАНСИРОВАНИЯ ДЕФИЦИТА БЮДЖЕТА КОЧКУРОВСКОГО СЕЛЬСКОГО ПОСЕЛЕНИЯ ДУБЕНСКОГО МУНИЦИПАЛЬНОГО РАЙОНА РЕСПУБЛИКИ МОРДОВИЯ НА 2022 ГОД И НА ПЛАНОВЫЙ ПЕРИОД 2023 и 2024 ГОДОВ
A9: Код | B9: Наименование кода группы, подгруппы, статьи, вида источника финансирования дефицитов бюджетов, кода классификации операций сектора государственного управления, относящихся к источникам финансирования дефицитов бюджетов Российской Федерации | C9: Сумма (тыс. руб.)
C10: 2022 год | D10: 2023 год | E10: 2024 год
A11: 1 | B11: 2 | C11: 3 | D11: 4 | E11: 5
A12: 000 01 00 00 00 00 0000 000 | B12: ИСТОЧНИКИ ВНУТРЕННЕГО ФИНАНСИРОВАНИЯ ДЕФИЦИТОВ БЮДЖЕТОВ | C12: 22.3 | D12: =D13+D18+D23+D29+D39 -> -32.7 | E12: =E13+E18+E23+E29+E39 -> -42.4
A13: 000 01 01 00 00 00 0000 000 | B13: Государственные (муниципальные) ценные бумаги, номинальная стоимость которых указана в валюте Российской Федерации | C13: =C14+C16 -> 0 | D13: =D14+D16 -> 0 | E13: =E14+E16 -> 0
A14: 000 01 01 00 00 00 0000 700 | B14: Размещение государственных (муниципальных) ценных бумаг, номинальная стоимость которых указана в валюте Российской Федерации | C14: =C15 -> 0 | D14: =D15 -> 0 | E14: =E15 -> 0
A15: 000 01 01 00 00 10 0000 710 | B15: Размещение муниципальных ценных бумаг сельских поселений, номинальная стоимость которых указана в валюте Российской Федерации
A16: 000 01 01 00 00 00 0000 800 | B16: Погашение государственных (муниципальных) ценных бумаг, номинальная стоимость которых указана в валюте Российской Федерации | C16: =C17 -> 0 | D16: =D17 -> 0 | E16: =E17 -> 0
A17: 000 01 01 00 00 10 0000 810 | B17: Погашение муниципальных ценных бумаг сельских поселений, номинальная стоимость которых указана в валюте Российской Федерации
A18: 000 01 02 00 00 00 0000 000 | B18: Кредиты кредитных организаций в валюте Российской Федерации | C18: =C19+C21 -> 0 | D18: =D19+D21 -> 0 | E18: =E19+E21 -> 0
A19: 000 01 02 00 00 00 0000 700 | B19: Получение кредитов от кредитных организаций в валюте Российской Федерации | C19: =C20 -> 0 | D19: =D20 -> 0 | E19: =E20 -> 0
A20: 000 01 02 00 00 10 0000 710 | B20: Получение кредитов от кредитных организаций бюджетами сельских поселений в валюте Российской Федерации
A21: 000 01 02 00 00 00 0000 800 | B21: Погашение кредитов, предоставленных кредитными организациями в валюте Российской Федерации | C21: =C22 -> 0 | D21: =D22 -> 0 | E21: =E22 -> 0
A22: 000 01 02 00 00 10 0000 810 | B22: Погашение бюджетами сельских поселений кредитов от кредитных организаций в валюте Российской Федерации
A23: 000 01 03 00 00 00 0000 000 | B23: Бюджетные кредиты из других бюджетов бюджетной системы Российской Федерации | C23: =C24 -> -22.3 | D23: =D24 -> -32.7 | E23: =E24 -> -42.4
A24: 000 01 03 01 00 00 0000 000 | B24: Бюджетные кредиты от других бюджетов бюджетной системы Российской Федерации в валюте Российской Федерации | C24: -22.3 | D24: -32.7 | E24: -42.4
A25: 000 01 03 01 00 00 0000 700 | B25: Получение бюджетных кредитов от других бюджетов бюджетной системы Российской Федерации в валюте Российской Федерации | C25: =C26 -> 0 | D25: =D26 -> 0 | E25: =E26 -> 0
A26: 000 01 03 01 00 10 0000 710 | B26: Получение кредитов от других бюджетов бюджетной системы Российской Федерации бюджетами поселений в валюте Российской Федерации
A27: 000 01 03 01 00 00 0000 800 | B27: Погашение бюджетных кредитов от других бюджетов бюджетной системы Российской Федерации в валюте Российской Федерации | C27: -22.3 | D27: =D28 -> -32.7 | E27: =E28 -> -42.4
A28: 000 01 03 01 00 10 0000 810 | B28: Погашение кредитов от других бюджетов бюджетной системы Российской Федерации бюджетами поселений в валюте Российской Федерации | C28: -22.3 | D28: -32.7 | E28: -42.4
A29: 000 01 05 00 00 00 0000 000 | B29: Изменение остатков средств на счетах по учету средств бюджетов | C29: =C30+C35 -> 0 | D29: =D30+D35 -> 0 | E29: =E30+E35 -> 0
A30: 000 01 05 00 00 00 0000 500 | B30: Увеличение остатков средств бюджетов | C30: =C31 -> -1531 | D30: =D31 -> -950.9 | E30: =E31 -> -1001.1
A31: 000 01 05 02 00 00 0000 500 | B31: Увеличение прочих остатков средств бюджетов | C31: =C32 -> -1531 | D31: =D32 -> -950.9 | E31: =E32 -> -1001.1
A32: 000 01 05 02 01 00 0000 510 | B32: Увеличение прочих остатков денежных средств бюджетов | C32: =C33 -> -1531 | D32: =D33 -> -950.9 | E32: =E33 -> -1001.1
A33: 000 01 05 02 01 10 0000 510 | B33: Увеличение прочих остатков денежных средств бюджетов поселений | C33: =-'Приложение 2'!C31 -> -1531 | D33: =-'Приложение 2'!D31 -> -950.9 | E33: =-'Приложение 2'!E31 -> -1001.1
A35: 000 01 05 00 00 00 0000 600 | B35: Уменьшение остатков средств бюджетов | C35: =C36 -> 1531 | D35: =D36 -> 950.9 | E35: =E36 -> 1001.1
A36: 000 01 05 02 00 00 0000 600 | B36: Уменьшение прочих остатков средств бюджетов | C36: =C37 -> 1531 | D36: =D37 -> 950.9 | E36: =E37 -> 1001.1
A37: 000 01 05 02 01 00 0000 610 | B37: Уменьшение прочих остатков денежных средств бюджетов | C37: =C38 -> 1531 | D37: =D38 -> 950.9 | E37: =E38 -> 1001.1
A38: 000 01 05 02 01 10 0000 610 | B38: Уменьшение прочих остатков денежных средств бюджетов поселений | C38: ='Приложение 3'!J7-'Приложение 8'!C28 -> 1531 | D38: ='Приложение 3'!K7-'Приложение 8'!D28 -> 950.9 | E38: ='Приложение 3'!L7-'Приложение 8'!E28 -> 1001.1
A39: 000 01 06 00 00 00 0000 000 | B39: Иные источники внутреннего финансирования дефицитов бюджетов | C39: =C40 -> 0 | D39: =D40 -> 0 | E39: =E40 -> 0
A40: 000 01 06 04 00 00 0000 000 | B40: Исполнение государственных и муниципальных гарантий | C40: =C41 -> 0 | D40: =D41 -> 0 | E40: =E41 -> 0
A41: 000 01 06 04 01 00 0000 000 | B41: Исполнение государственных и муниципальных гарантий в валюте Российской Федерации | C41: 0 | D41: 0 | E41: 0
A42: 000 01 06 04 01 10 0000 810 | B42: Исполнение муниципальных гарантий поселений в валюте Российской Федерации в случае, если исполнение гарантом муниципальных гарантий поселений ведет к возникновению права регрессного требования гаранта к принципиалу либо обусловлено уступкой гаранту прав требования бенефициара к принципалу | C42: 0 | D42: 0 | E42: 0
B43: Привлечение средств | C43: =C19+C25 -> 0 | D43: =D19+D25 -> 0 | E43: =E19+E25 -> 0
B44: Погашение основной суммы задолженности | C44: -22.3 | D44: -32.7 | E44: -42.4

Sheet Приложение 9
F1: Приложение 9 к решению Совета депутатов Кочкуровского сельского поселения Дубенского муниципального района Республики Мордовия «О бюджете Кочкуровского сельского поселения Дубенского муниципального района Республики Мордовия на 2022 год и на плановый период 2023 и 2024 годов»
A8: ПРОГРАММА МУНИЦИПАЛЬНЫХ ВНУТРЕННИХ ЗАИМСТВОВАНИЙ КОЧКУРОВСКОГО СЕЛЬСКОГО ПОСЕЛЕНИЯ ДУБЕНСКОГО МУНИЦИПАЛЬНОГО РАЙОНА РЕСПУБЛИКИ МОРДОВИЯ НА 2022 ГОД И НА ПЛАНОВЫЙ ПЕРИОД 2023 И 2024 ГОДОВ
A10: № п/п | B10: Виды заимствований | F10: Сумма (тыс. рублей)
F11: 2022 год | G11: 2023 год | I11: 2024 год
A12: 1 | B12: Кредиты кредитных организаций в валюте Российской Федерации | F12: =F14+F15 -> 0 | G12: =G14+G15 -> 0 | I12: =I14+I15 -> 0
B13: в том числе:
B14: Объем привлечения
B15: Объем средств, направляемых на погашение основной суммы долга
A16: 2 | B16: Бюджетные кредиты от других бюджетов бюджетной системы Российской Федерации | F16: -22.3 | G16: =G18+G19 -> -32.7 | I16: =I18+I19 -> -42.4
B17: в том числе:
B18: Объем привлечения
B19: Объем средств, направляемых на погашение основной суммы долга | F19: -22.3 | G19: -32.7 | H19: ='Приложение 8'!E27 -> -42.4 | I19: -42.4 | J19: ='Приложение 8'!G27 -> 0
B20: ВСЕГО | F20: =F12+F16 -> -22.3 | G20: =G12+G16 -> -32.7 | I20: =I12+I16 -> -42.4

Sheet Приложение 10
G1: Приложение 10 к решению Совета депутатов Кочкуровского сельского поселения Дубенского муниципального района Республики Мордовия «О бюджете Кочкуровского сельского поселения Дубенского муниципального района Республики Мордовия на 2022 год и на плановый период 2023 и 2024 годов»
A7: ПРОГРАММА МУНИЦИПАЛЬНЫХ ГАРАНТИЙ КОЧКУРОВСКОГО СЕЛЬСКОГО ПОСЕЛЕНИЯ ДУБЕНСКОГО МУНИЦИПАЛЬНОГО РАЙОНА РЕСПУБЛИКИ МОРДОВИЯ В ВАЛЮТЕ РОССИЙСКОЙ ФЕДЕРАЦИИ НА 2022 ГОД И НА ПЛАНОВЫЙ ПЕРИОД 2023 И 2024 ГОДОВ
A8: 1. Перечень подлежащих предоставлению муниципальных гарантий Кочкуровского сельского поселения Дубенского муниципального района Республики Мордовия в 2022 году и в плановом периоде 2023 и 2024 годов
A10: Направления гарантирования, наименование принципала | B10: Цель гарантирования | F10: Сумма гарантирования (тыс. рублей) | J10: Наличие права регрессного требования
F11: 2022 год | G11: 2023 год | H11: 2024 год
A12: - | B12: - | F12: 0 | G12: 0 | H12: 0 | J12: -
A14: 2. Общий объем бюджетных ассигнований, предусмотренных на исполнение муниципальных гарантий Кочкуровского сельского поселения Дубенского муниципального района Республики Мордовия по возможным гарантийным случаям в 2022 году и в плановом периоде 2023 и 2024 годов
A16: Исполнение муниципальных гарантий Кочкуровского сельского поселения Дубенского муниципального района Республики Мордовия за счет источников финансирования дефицита бюджета Кочкуровского сельского поселения Дубенского муниципального района Республики Мордовия | B16: Объем бюджетных ассигнований на исполнение муниципальных гарантий Кочкуровского сельского поселения Дубенского муниципального района Республики Мордовия по возможным гарантийным случаям (в тыс. рублей)
B17: 2022 год | H17: 2023 год | J17: 2024 год
B18: Наименова-ние принципала | D18: Цель гарантиро-вания | F18: Сумма | G18: Наличие права регрессного требования
A19: ВСЕГО: в том числе: | B19: - | D19: - | F19: 0 | G19: - | H19: 0 | J19: 0
